Workbook

Sheet CONSOLIDADO FR
A3: SERVICIO NACIONAL DE SALUD
A4: Direccion de Fiscalizacion
A5: Consolidado de Gasto del Fondo Reponible
A7: Establecimiento : | F7: Hospital Municipal Fantino | H7: Ubicación Geográfica :
A8: No. Fas : / Función : | G8: Municipio :
A9: No. Fondo | D9: 7 | G9: Año : 2025 / Programática :
A10: Monto del Fondo : | F10: 474930.32 | G10: Monto a Reponer : | H10: =K210 -> 475691.26 | O10: Contraseña: 1234
A11: No. Del Primer transf. : | F11: 40390339444 | G11: No. Del Ultima transf. O Ck. : | I11: 40398935320
A12: No. Del Primer Recibo de Caja Chica : | G12: No. Del Ultimo Recibo de Caja Chica :
A13: Monto de Caja Chica a Reponer: | G13: Monto de Cheques Emitidos : | I13: =H10-K95 -> 474755.3
A14: Tipo | B14: Objeto | C14: Cuenta | D14: Subcuenta | E14: Auxiliar | F14: Descripción Cuenta | H14: TOTALES RD$ | M14: %
H15: Objeto | I15: Cuenta | J15: Sub Cuenta | K15: Auxiliar | L15: %
A16: 2 | B16: 2 | F16: SERVICIOS NO PERSONALES | H16: =I17+I34+I39+I44+I53+I68+I73+I91+I117 -> 72094.11 | L16: =K16/$J$210 -> 0
A17: 2 | B17: 2 | C17: 1 | F17: SERVICIOS BASICOS | I17: =J18+J20+J22+J24+J26+J28+J30+J32 -> 24058.15
A18: 2 | B18: 2 | C18: 1 | D18: 1 | F18: Radiocomunicación | J18: =K19 -> 0
A19: 2 | B19: 2 | C19: 1 | D19: 1 | E19: 0 1 | F19: Radiocomunicación | K19: ='CUENTA T FR'!A67 -> 0 | L19: =K19/$J$210 -> 0
A20: 2 | B20: 2 | C20: 1 | D20: 2 | F20: Servicios telefónicos de larga distancia | J20: =K21 -> 0
A21: 2 | B21: 2 | C21: 1 | D21: 2 | E21: 0 1 | F21: Servicios telefónicos de larga distancia | K21: ='CUENTA T FR'!B67 -> 0 | L21: =K21/$J$210 -> 0
A22: 2 | B22: 2 | C22: 1 | D22: 3 | F22: Teléfono local | J22: =K23 -> 12058.15
A23: 2 | B23: 2 | C23: 1 | D23: 3 | E23: 0 1 | F23: Teléfono local | K23: ='CUENTA T FR'!C67 -> 12058.15 | L23: =K23/$J$210 -> 0.025348689
A24: 2 | B24: 2 | C24: 1 | D24: 4 | F24: Telefax y correos | J24: =K25 -> 0
A25: 2 | B25: 2 | C25: 1 | D25: 4 | E25: 0 1 | F25: Telefax y correos | K25: ='CUENTA T FR'!D67 -> 0 | L25: =K25/$J$210 -> 0
A26: 2 | B26: 2 | C26: 1 | D26: 5 | F26: Servicios de internet y televisión por cable | J26: =K27 -> 0
A27: 2 | B27: 2 | C27: 1 | D27: 5 | E27: 0 1 | F27: Servicios de internet y televisión por cable | K27: ='CUENTA T FR'!E67 -> 0 | L27: =K27/$J$210 -> 0
A28: 2 | B28: 2 | C28: 1 | D28: 6 | F28: Electricidad | J28: =K29 -> 0
A29: 2 | B29: 2 | C29: 1 | D29: 6 | E29: 0 1 | F29: Energía eléctrica | K29: ='CUENTA T FR'!F67 -> 0 | L29: =K29/$J$210 -> 0
A30: 2 | B30: 2 | C30: 1 | D30: 7 | F30: Agua | J30: =K31 -> 12000
A31: 2 | B31: 2 | C31: 1 | D31: 7 | E31: 0 1 | F31: Agua | K31: ='CUENTA T FR'!G67 -> 12000 | L31: =K31/$J$210 -> 0.025226446
A32: 2 | B32: 2 | C32: 1 | D32: 8 | F32: Recolección de residuos sólidos | J32: =K33 -> 0
A33: 2 | B33: 2 | C33: 1 | D33: 8 | E33: 0 1 | F33: Recolección de residuos sólidos | K33: ='CUENTA T FR'!H67 -> 0 | L33: =K33/$J$210 -> 0
A34: 2 | B34: 2 | C34: 2 | F34: PUBLICIDAD, IMPRESIÓN Y ENCUADERNACION | I34: =J35+J37 -> 0
A35: 2 | B35: 2 | C35: 2 | D35: 1 | F35: Publicidad y Propaganda | J35: =K36 -> 0
A36: 2 | B36: 2 | C36: 2 | D36: 1 | E36: 0 1 | F36: Publicidad y Propaganda | K36: ='CUENTA T FR'!I67 -> 0 | L36: =K36/$J$210 -> 0
A37: 2 | B37: 2 | C37: 2 | D37: 2 | F37: Impresión, Encuadernación y Rotulación | J37: =K38 -> 0
A38: 2 | B38: 2 | C38: 2 | D38: 2 | E38: 0 1 | F38: Impresión, Encuadernación y Rotulación | K38: ='CUENTA T FR'!J67 -> 0 | L38: =K38/$J$210 -> 0
A39: 2 | B39: 2 | C39: 3 | F39: VIATICOS | I39: =J40+J42 -> 40100
A40: 2 | B40: 2 | C40: 3 | D40: 1 | F40: Viáticos dentro del País | J40: =K41 -> 40100
A41: 2 | B41: 2 | C41: 3 | D41: 1 | E41: 0 1 | F41: Viáticos dentro del País | K41: ='CUENTA T FR'!K67 -> 40100 | L41: =K41/$J$210 -> 0.084298375
A42: 2 | B42: 2 | C42: 3 | D42: 2 | F42: Viáticos fuera del país | J42: =K43 -> 0
A43: 2 | B43: 2 | C43: 3 | D43: 2 | E43: 0 1 | F43: Viáticos fuera del país | K43: ='CUENTA T FR'!L67 -> 0 | L43: =K43/$J$210 -> 0
A44: 2 | B44: 2 | C44: 4 | F44: TRANSPORTE Y ALMACENAJE | I44: =J45+J47+J49+J51 -> 0
A45: 2 | B45: 2 | C45: 4 | D45: 1 | F45: Pasajes y Gastos de Transporte | J45: =K46 -> 0
A46: 2 | B46: 2 | C46: 4 | D46: 1 | E46: 0 1 | F46: Pasajes y Gastos de Transporte | K46: ='CUENTA T FR'!M67 -> 0 | L46: =K46/$J$210 -> 0
A47: 2 | B47: 2 | C47: 4 | D47: 2 | F47: Fletes | J47: =K48 -> 0
A48: 2 | B48: 2 | C48: 4 | D48: 2 | E48: 0 1 | F48: Fletes | K48: ='CUENTA T FR'!N67 -> 0 | L48: =K48/$J$210 -> 0
A49: 2 | B49: 2 | C49: 4 | D49: 3 | F49: Almacenaje | J49: =K50 -> 0
A50: 2 | B50: 2 | C50: 4 | D50: 3 | E50: 0 1 | F50: Almacenaje | K50: ='CUENTA T FR'!O67 -> 0 | L50: =K50/$J$210 -> 0
A51: 2 | B51: 2 | C51: 4 | D51: 4 | F51: Peaje | J51: =K52 -> 0
A52: 2 | B52: 2 | C52: 4 | D52: 4 | E52: 0 1 | F52: Peaje | K52: ='CUENTA T FR'!P67 -> 0 | L52: =K52/$J$210 -> 0
A53: 2 | B53: 2 | C53: 5 | F53: ALQUILERES Y RENTAS | I53: =J54+J56+J62+J64+J66 -> 0
A54: 2 | B54: 2 | C54: 5 | D54: 1 | F54: Alquileres y rentas de edificios y locales | J54: =K55 -> 0
A55: 2 | B55: 2 | C55: 5 | D55: 1 | E55: 0 1 | F55: Alquileres y rentas de edificios y locales | K55: ='CUENTA T FR'!Q67 -> 0 | L55: =K55/$J$210 -> 0
A56: 2 | B56: 2 | C56: 5 | D56: 3 | F56: Alquileres de maquinarias y equipos | J56: =K57+K58+K59+K60+K61 -> 0
A57: 2 | B57: 2 | C57: 5 | D57: 3 | E57: 0 1 | F57: Alquiler de equipos educacionales | K57: ='CUENTA T FR'!R67 -> 0 | L57: =K57/$J$210 -> 0
A58: 2 | B58: 2 | C58: 5 | D58: 3 | E58: 0 2 | F58: Alquiler de equipos de tecnologia y almacenamiento de datos | K58: ='CUENTA T FR'!S67 -> 0 | L58: =K58/$J$210 -> 0
A59: 2 | B59: 2 | C59: 5 | D59: 3 | E59: 0 3 | F59: Alquiler de equipos de comunicación | K59: ='CUENTA T FR'!T67 -> 0 | L59: =K59/$J$210 -> 0
A60: 2 | B60: 2 | C60: 5 | D60: 3 | E60: 0 4 | F60: Alquiler de equipos de oficina y muebles | K60: ='CUENTA T FR'!U67 -> 0 | L60: =K60/$J$210 -> 0
A61: 2 | B61: 2 | C61: 5 | D61: 3 | E61: 0 5 | F61: Alquiler de equipos medicos, sanitarios y de laboratorios | K61: ='CUENTA T FR'!V67 -> 0 | L61: =K61/$J$210 -> 0
A62: 2 | B62: 2 | C62: 5 | D62: 4 | F62: Alquileres eqs. de transporte, tracción y elevación | J62: =K63 -> 0
A63: 2 | B63: 2 | C63: 5 | D63: 4 | E63: 0 1 | F63: Alquileres eqs. de transporte, tracción y elevación | K63: ='CUENTA T FR'!W67 -> 0 | L63: =K63/$J$210 -> 0
A64: 2 | B64: 2 | C64: 5 | D64: 8 | F64: Otros alquileres y Arrendamientos por derecho de uso | J64: =K65 -> 0
A65: 2 | B65: 2 | C65: 5 | D65: 8 | E65: 0 1 | F65: Otros alquileres y Arrendamientos por derecho de uso | K65: ='CUENTA T FR'!X67 -> 0 | L65: =K65/$J$210 -> 0
A66: 2 | B66: 2 | C66: 5 | D66: 9 | F66: Derechos de uso | J66: =+K67 -> 0
A67: 2 | B67: 2 | C67: 5 | D67: 9 | E67: 0 1 | F67: Licencias informaticas | K67: ='CUENTA T FR'!Y67 -> 0 | L67: =K67/$J$210 -> 0
A68: 2 | B68: 2 | C68: 6 | F68: SEGUROS | I68: =J69+J71 -> 0
A69: 2 | B69: 2 | C69: 6 | D69: 1 | F69: Seguro de bienes inmuebles y de infraestructura | J69: =K70 -> 0
A70: 2 | B70: 2 | C70: 6 | D70: 1 | E70: 0 1 | F70: Seguro de bienes inmuebles y de infraestructura | K70: ='CUENTA T FR'!Z67 -> 0 | L70: =K70/$J$210 -> 0
A71: 2 | B71: 2 | C71: 6 | D71: 2 | F71: Seguro de bienes muebles | J71: =K72 -> 0
A72: 2 | B72: 2 | C72: 6 | D72: 2 | E72: 0 1 | F72: Seguro de bienes muebles | K72: ='CUENTA T FR'!AA67 -> 0 | L72: =K72/$J$210 -> 0
A73: 2 | B73: 2 | C73: 7 | F73: SERV. DE CONS. REPARS. MENORES E INST. TEMPORALES | I73: =J74+J80+J89 -> 7000
A74: 2 | B74: 2 | C74: 7 | D74: 1 | F74: Contratación de Mantenimiento y Reparaciones Menores | J74: =K75+K76+K77+K78+K79 -> 0
A75: 2 | B75: 2 | C75: 7 | D75: 1 | E75: 0 1 | F75: Mantenimiento y Reparaciones Menores en Edificaciones | K75: ='CUENTA T FR'!AB67 -> 0 | L75: =K75/$J$210 -> 0
A76: 2 | B76: 2 | C76: 7 | D76: 1 | E76: 0 3 | F76: Limpieza y desmalezamiento de tierras y terrenos | K76: ='CUENTA T FR'!AC67 -> 0 | L76: =K76/$J$210 -> 0
A77: 2 | B77: 2 | C77: 7 | D77: 1 | E77: 0 6 | F77: Mantenimiento y Reparación de Instalaciones Electricas | K77: ='CUENTA T FR'!AD67 -> 0 | L77: =K77/$J$210 -> 0
A78: 2 | B78: 2 | C78: 7 | D78: 1 | E78: 0 7 | F78: Mant., Reparac. y Servicios de Pintura y sus Derivados | K78: ='CUENTA T FR'!AE67 -> 0 | L78: =K78/$J$210 -> 0
A79: 2 | B79: 2 | C79: 7 | D79: 1 | E79: 9 9 | F79: Otros mat. Rep. y sus derivados, no identificados anteriormente | K79: =+'CUENTA T FR'!AF67 -> 0 | L79: =K79/$J$210 -> 0 | O79: =+I73+J100+K150+K152+K154+K156+I159+K185+K186+K191+J204 -> 7000
A80: 2 | B80: 2 | C80: 7 | D80: 2 | F80: Mantenimiento y Reparación de maquinarias y equipos | J80: =K81+K82+K83+K84+K85+K87+K86+K88 -> 7000
A81: 2 | B81: 2 | C81: 7 | D81: 2 | E81: 0 1 | F81: Mant. Y rep. De muebles y equipos de oficina | K81: ='CUENTA T FR'!AG67 -> 0 | L81: =K81/$J$210 -> 0
A82: 2 | B82: 2 | C82: 7 | D82: 2 | E82: 0 2 | F82: Mant. y rep. equipos de tecnologia e informatica | K82: ='CUENTA T FR'!AH67 -> 0 | L82: =K82/$J$210 -> 0
A83: 2 | B83: 2 | C83: 7 | D83: 2 | E83: 0 4 | F83: Mant. y rep. equipos Medicos, sanitarios y de laboratorios | K83: ='CUENTA T FR'!AI67 -> 7000 | L83: =K83/$J$210 -> 0.014715427
A84: 2 | B84: 2 | C84: 7 | D84: 2 | E84: 0 5 | F84: Mantenimiento y Reparación de Equipos de Comunicación | K84: ='CUENTA T FR'!AJ67 -> 0 | L84: =K84/$J$210 -> 0
A85: 2 | B85: 2 | C85: 7 | D85: 2 | E85: 0 6 | F85: Mant. y rep. eqs. Transporte, tracción y elevación | K85: ='CUENTA T FR'!AK67 -> 0 | L85: =K85/$J$210 -> 0
A86: 2 | B86: 2 | C86: 7 | D86: 2 | E86: 0 7 | F86: Mant. y Reparación de Equipos Industriales y Producción | K86: ='CUENTA T FR'!AL67 -> 0 | L86: =K86/$J$210 -> 0
A87: 2 | B87: 2 | C87: 7 | D87: 2 | E87: 0 8 | F87: Servicios de mant., rep., desmonte e instalación | K87: ='CUENTA T FR'!AM67 -> 0 | L87: =K87/$J$210 -> 0
A88: 2 | B88: 2 | C88: 7 | D88: 2 | E88: 9 9 | F88: Otros serv. de mant. y rep. de maq. y eq., no identificados anteriormente | K88: =+'CUENTA T FR'!AN67 -> 0 | L88: =K88/$J$210 -> 0
A89: 2 | B89: 2 | C89: 7 | D89: 3 | F89: Instalaciones temporales | J89: =K90 -> 0
A90: 2 | B90: 2 | C90: 7 | D90: 3 | E90: 0 1 | F90: Instalaciones temporales | K90: ='CUENTA T FR'!AO67 -> 0 | L90: =K90/$J$210 -> 0
A91: 2 | B91: 2 | C91: 8 | F91: OTROS SERVICIOS NO PERSONALES | I91: =J92+J94+J96+J98+J100+J104+J107+J113 -> 935.96
A92: 2 | B92: 2 | C92: 8 | D92: 1 | F92: Gastos judiciales | J92: =K93 -> 0
A93: 2 | B93: 2 | C93: 8 | D93: 1 | E93: 0 1 | F93: Gastos judiciales | K93: ='CUENTA T FR'!AP67 -> 0 | L93: =K93/$J$210 -> 0
A94: 2 | B94: 2 | C94: 8 | D94: 2 | F94: Comisiones y gastos bancarios | J94: =K95 -> 935.96
A95: 2 | B95: 2 | C95: 8 | D95: 2 | E95: 0 1 | F95: Comisiones y gastos bancarios | K95: ='CUENTA T FR'!AQ67 -> 935.96 | L95: =K95/$J$210 -> 0.0019675787
A96: 2 | B96: 2 | C96: 8 | D96: 3 | F96: Servicios sanitarios, médicos y veterinarios | J96: =K97 -> 0
A97: 2 | B97: 2 | C97: 8 | D97: 3 | E97: 0 1 | F97: Servicios sanitarios, médicos y veterinarios | K97: ='CUENTA T FR'!AR67 -> 0 | L97: =K97/$J$210 -> 0
A98: 2 | B98: 2 | C98: 8 | D98: 4 | F98: Servicios funerarios y gastos conexos | J98: =K99 -> 0
A99: 2 | B99: 2 | C99: 8 | D99: 4 | E99: 0 1 | F99: Servicios funerarios y gastos conexos | K99: ='CUENTA T FR'!AS67 -> 0 | L99: =K99/$J$210 -> 0
A100: 2 | B100: 2 | C100: 8 | D100: 5 | F100: Fumigación, lavandería, limpieza e higiene | J100: =K101+K102+K103 -> 0
A101: 2 | B101: 2 | C101: 8 | D101: 5 | E101: 0 1 | F101: Fumigación | K101: ='CUENTA T FR'!AT67 -> 0 | L101: =K101/$J$210 -> 0
A102: 2 | B102: 2 | C102: 8 | D102: 5 | E102: 0 2 | F102: Lavandería | K102: ='CUENTA T FR'!AU67 -> 0 | L102: =K102/$J$210 -> 0
A103: 2 | B103: 2 | C103: 8 | D103: 5 | E103: 0 3 | F103: Limpieza e higiene | K103: ='CUENTA T FR'!AV67 -> 0 | L103: =K103/$J$210 -> 0
...

Sheet CUENTA T FR
A1: 221101 | B1: 221201 | C1: 221301 | D1: 221401 | E1: 221501 | F1: 221601 | G1: 221701 | H1: 221801 | I1: 222101 | J1: 222201 | K1: 223101 | L1: 223201 | M1: 224101 | N1: 224201 | O1: 224301 | P1: 224401 | Q1: 225101 | R1: 225301 | S1: 225302 | T1: 225303 | U1: 225304 | V1: 225305 | W1: 225401 | X1: 225801 | Y1: 225901 | Z1: 226101 | AA1: 226201 | AB1: 227101 | AC1: 227103 | AD1: 227106 | AE1: 227107 | AF1: 227199 | AG1: 227201 | AH1: 227202 | AI1: 227204 | AJ1: 227205 | AK1: 227206 | AL1: 227207 | AM1: 227208 | AN1: 227299 | AO1: 227301 | AP1: 228101 | AQ1: 228201 | AR1: 228301 | AS1: 228401 | AT1: 228501 | AU1: 228502 | AV1: 228503 | AW1: 228601 | AX1: 228602 | AY1: 228702 | AZ1: 228703 | BA1: 228704 | BB1: 228705 | BC1: 228706 | BD1: 228801 | BE1: 228802 | BF1: 228803 | BG1: 229201 | BH1: 229203 | BI1: 231101 | BJ1: 231401 | BK1: 232101 | BL1: 232201 | BM1: 232301 | BN1: 233101 | BO1: 233201 | BP1: 233301 | BQ1: 233401 | BR1: 233501 | BS1: 234101 | BT1: 235101 | BU1: 235201 | BV1: 235301 | BW1: 235401 | BX1: 235501 | BY1: 236101 | BZ1: 236102 | CA1: 236103 | CB1: 236104 | CC1: 236105 | CD1: 2362021 | CE1: 236202 | CF1: 236203 | CG1: 236304 | CH1: 236305 | CI1: 236306 | CJ1: 236401 | CK1: 236403 | CL1: 236407 | CM1: 236901 | CN1: 237101 | CO1: 237102 | CP1: 237104 | CQ1: 237105 | CR1: 237106 | CS1: 237202 | CT1: 237203 | CU1: 237205 | CV1: 237206 | CW1: 237299 | CX1: 239101 | CY1: 239201 | CZ1: 239301 | DA1: 239501 | DB1: 239601 | DC1: 239801 | DD1: 239802 | DE1: 239901 | DF1: 239904 | DG1: Totales | DH1: TRANSF NO. | DI1: VALOR | DJ1: RETENCION | DK1: AÑOS ANTERIORES | DL1: 2025 | DM1: Total | DN1: Proveedor Informal
BS2: 201700 | CZ2: 6637.5 | DG2: =SUM(A2:DF2) -> 208337.5 | DH2: 40390339444 | DI2: =+DG2 -> 208337.5 | DM2: =+DK2+DL2 -> 0
BI3: 7000 | DG3: =SUM(A3:DF3) -> 7000 | DH3: 40390346015 | DI3: =+DG3 -> 7000 | DN3: 7000
C4: 12058.15 | DG4: =SUM(A4:DF4) -> 12058.15 | DH4: 40390476537 | DI4: =+DG4 -> 12058.15
G5: 12000 | DG5: =SUM(A5:DF5) -> 12000 | DH5: 40390496325 | DI5: =+DG5 -> 12000
BS6: 134703.23 | CZ6: 53556.42 | DG6: =SUM(A6:DF6) -> 188259.65 | DH6: 40390503943 | DI6: =+DG6 -> 188259.65
AI7: 7000 | DG7: =SUM(A7:DF7) -> 7000 | DH7: 40390515464 | DI7: =+DG7 -> 7000 | DN7: 7000
K8: 4650 | DG8: =SUM(A8:DF8) -> 4650 | DH8: 40390550450 | DI8: =+DG8 -> 4650
K9: 7300 | DG9: =SUM(A9:DF9) -> 7300 | DH9: 40390573347 | DI9: =+DG9 -> 7300
K10: 3900 | DG10: =SUM(A10:DF10) -> 3900 | DH10: 40390597190 | DI10: =+DG10 -> 3900
K11: 1350 | DG11: =SUM(A11:DF11) -> 1350 | DH11: 40390606122 | DI11: =+DG11 -> 1350
K12: 900 | DG12: =SUM(A12:DF12) -> 900 | DH12: 40390612920 | DI12: =+DG12 -> 900
K13: 900 | DG13: =SUM(A13:DF13) -> 900 | DH13: 40390619709 | DI13: =+DG13 -> 900
K14: 900 | DG14: =SUM(A14:DF14) -> 900 | DH14: 40390626257 | DI14: =+DG14 -> 900
K15: 800 | DG15: =SUM(A15:DF15) -> 800 | DH15: 40390632174 | DI15: =+DG15 -> 800
K16: 900 | DG16: =SUM(A16:DF16) -> 900 | DH16: 40390644010 | DI16: =+DG16 -> 900
K17: 900 | DG17: =SUM(A17:DF17) -> 900 | DH17: 40390653404 | DI17: =+DG17 -> 900
K18: 2600 | DG18: =SUM(A18:DF18) -> 2600 | DH18: 40390681218 | DI18: =+DG18 -> 2600
K19: 2200 | DG19: =SUM(A19:DF19) -> 2200 | DH19: 40390709240 | DI19: =+DG19 -> 2200
... K28: 1300 | DG28: =SUM(A28:DF28) -> 1300 | DH28: 40398920261 | DI28: =+DG28 -> 1300
AQ29: 760.96 | DG29: =SUM(A29:DF29) -> 760.96 | DI29: =+DG29 -> 760.96
AQ30: 175 | DG30: =SUM(A30:DF30) -> 175 | DI30: =+DG30 -> 175
DG31: =SUM(A31:DF31) -> 0 | DI31: =+DG31 -> 0
DG32: =SUM(A32:DF32) -> 0
DG33: =SUM(A33:DF33) -> 0
DG34: =SUM(A34:DF34) -> 0
DG35: =SUM(A35:DF35) -> 0
DG36: =SUM(A36:DF36) -> 0
DG37: =SUM(A37:DF37) -> 0
DG38: =SUM(A38:DF38) -> 0
DG39: =SUM(A39:DF39) -> 0
DG40: =SUM(A40:DF40) -> 0
DG41: =SUM(A41:DF41) -> 0
DG42: =SUM(A42:DF42) -> 0
DG43: =SUM(A43:DF43) -> 0
... DG49: =SUM(A49:DF49) -> 0
A50: =SUM(A2:A49) -> 0 | B50: =SUM(B2:B49) -> 0 | C50: =SUM(C2:C49) -> 12058.15 | D50: =SUM(D2:D49) -> 0 | E50: =SUM(E2:E49) -> 0 | F50: =SUM(F2:F49) -> 0 | G50: =SUM(G2:G49) -> 12000 | H50: =SUM(H2:H49) -> 0 | ... DF50: =SUM(DF2:DF49) -> 0 | DG50: =SUM(A50:DF50) -> 475691.26 | DI50: =SUM(DI2:DI49) -> 475691.26 | DJ50: =SUM(DJ2:DJ49) -> 0 | DK50: =SUM(DK2:DK49) -> 0 | DL50: =SUM(DL2:DL49) -> 0 | DM50: =SUM(DM2:DM49) -> 0 | DN50: =SUM(DN2:DN49) -> 14000
A51: 221101 | B51: 221201 | C51: 221301 | D51: 221401 | E51: 221501 | F51: 221601 | G51: 221701 | H51: 221801 | I51: 222101 | J51: 222201 | K51: 223101 | L51: 223201 | M51: 224101 | N51: 224201 | O51: 224301 | P51: 224401 | Q51: 225101 | R51: 225301 | S51: 225302 | T51: 225303 | U51: 225304 | V51: 225305 | W51: 225401 | X51: 225801 | Y51: 225901 | Z51: 226101 | AA51: 226201 | AB51: 227101 | AC51: 227103 | AD51: 227106 | AE51: 227107 | AF51: 227199 | AG51: 227201 | AH51: 227202 | AI51: 227204 | AJ51: 227205 | AK51: 227206 | AL51: 227207 | AM51: 227208 | AN51: 227299 | AO51: 227301 | AP51: 228101 | AQ51: 228201 | AR51: 228301 | AS51: 228401 | AT51: 228501 | AU51: 228502 | AV51: 228503 | AW51: 228601 | AX51: 228602 | AY51: 228702 | AZ51: 228703 | BA51: 228704 | BB51: 228705 | BC51: 228706 | BD51: 228801 | BE51: 228802 | BF51: 228803 | BG51: 229201 | BH51: 229203 | BI51: 231101 | BJ51: 231401 | BK51: 232101 | BL51: 232201 | BM51: 232301 | BN51: 233101 | BO51: 233201 | BP51: 233301 | BQ51: 233401 | BR51: 233501 | BS51: 234101 | BT51: 235101 | BU51: 235201 | BV51: 235301 | BW51: 235401 | BX51: 235501 | BY51: 236101 | BZ51: 236102 | CA51: 236103 | CB51: 236104 | CC51: 236105 | CD51: 2362021 | CE51: 236202 | CF51: 236203 | CG51: 236304 | CH51: 236305 | CI51: 236306 | CJ51: 236401 | CK51: 236403 | CL51: 236407 | CM51: 236901 | CN51: 237101 | CO51: 237102 | CP51: 237104 | CQ51: 237105 | CR51: 237106 | CS51: 237202 | CT51: 237203 | CU51: 237205 | CV51: 237206 | CW51: 237299 | CX51: 239101 | CY51: 239201 | CZ51: 239301 | DA51: 239501 | DB51: 239601 | DC51: 239801 | DD51: 239802 | DE51: 239901 | DF51: 239904 | DG51: Totales
DG52: =SUM(A52:DF52) -> 0
DG53: =SUM(A53:DF53) -> 0
DG54: =SUM(A54:DF54) -> 0
DG55: =SUM(A55:DF55) -> 0
DG56: =SUM(A56:DF56) -> 0
DG57: =SUM(A57:DF57) -> 0
DG58: =SUM(A58:DF58) -> 0
DG59: =SUM(A59:DF59) -> 0
DG60: =SUM(A60:DF60) -> 0
DG61: =SUM(A61:DF61) -> 0
DG62: =SUM(A62:DF62) -> 0
DG63: =SUM(A63:DF63) -> 0
... DG65: =SUM(A65:DF65) -> 0
A66: =SUM(A52:A65) -> 0 | B66: =SUM(B52:B65) -> 0 | C66: =SUM(C52:C65) -> 0 | D66: =SUM(D52:D65) -> 0 | E66: =SUM(E52:E65) -> 0 | F66: =SUM(F52:F65) -> 0 | G66: =SUM(G52:G65) -> 0 | H66: =SUM(H52:H65) -> 0 | ... DG66: =SUM(DG52:DG65) -> 0
A67: =+A50+A66 -> 0 | B67: =+B50+B66 -> 0 | C67: =+C50+C66 -> 12058.15 | D67: =+D50+D66 -> 0 | E67: =+E50+E66 -> 0 | F67: =+F50+F66 -> 0 | G67: =+G50+G66 -> 12000 | H67: =+H50+H66 -> 0 | ... DG67: =+DG50+DG66 -> 475691.26

Sheet AVISO DE DEBITO
A4: SERVICIO NACIONAL DE SALUD
A5: Direccion de Fiscalización
A6: NOTAS DEL AVISO DE DEBITO VINCULADO AL GASTO
J9: Fecha: | K9: ='CONSOLIDADO FR'!J225 -> 0
J10: Fondo no: | K10: ='CONSOLIDADO FR'!D9 -> 7
C12: ESTABLECIMIENTO: | F12: ='CONSOLIDADO FR'!F7 -> Hospital Municipal Fantino
C14: MONTO DEL AVISO: | I14: 1654002.9
C16: MENOS :TRANSF. DUPLICADA | I16: 1009.07
C18: MONTO A REPONER | H18: RD$ | I18: =+I14-I16 -> 1652993.9
C20: COMISIONES BANCARIAS | H20: RD$ | I20: 611.02
F30: Dinorah Cuevas
F31: Analista Financiero

Sheet HISTORIAL DE REVISION
A1: SERVICIO NACIONAL DE SALUD
A2: Dirección de Fiscalización
A4: Historial de Revisión Expediente de Liquidacion Fondos Reponible
A6: Establecimiento : | C6: ='CONSOLIDADO FR'!F7 -> Hospital Municipal Fantino
A7: Servicio Regional de Salud: | D7: SRS | E7: Gerencia de Area:
A8: Fondo: | B8: ='CONSOLIDADO FR'!D9 -> 7 | E8: Año | G8: 2025
A9: Monto del Fondo | C9: ='CONSOLIDADO FR'!F10 -> 474930.32 | E9: Monto a Reponer | G9: 474991.43
A10: Monto Fijo Caja Chica | C10: *** | E10: Monto Caja Chica a Reponer | H10: ***
A11: No. 1er Recibo Caja Chica | D11: *** | E11: No. Ultimo Recibo Caja Chica | H11: ***
A12: Monto Transf. O Ck. Emitidos | D12: ='CONSOLIDADO FR'!I13 -> 474755.3 | E12: Cant. Transf. O Ck. Emitidos | H12: =COUNT('CUENTA T FR'!DH2:DH50) -> 27
A13: No. 1er Tranf. O Ck. | C13: 40390339444 | E13: No. Ultima Tranf. O Ck.
A14: Monto Pagado de este Año | D14: ='CUENTA T FR'!DL50 -> 0 | E14: Monto Pagado Años Anteriores | H14: ='CUENTA T FR'!DK50 -> 0
A15: Cantidad de Suplidores | D15: =COUNT('CUENTA T FR'!DM2:DM49) -> 1 | E15: Monto Pagado a Suplidores | H15: =+D14+H14 -> 0
A16: Cant. Suplidores Informales | D16: =COUNT('CUENTA T FR'!DN2:DN49) -> 2 | E16: Monto Pagado Suplidores Infor. | H16: ='CUENTA T FR'!DN50 -> 14000
A17: Cant. Articulos con Alto Precio | E17: Monto Pagado en Exceso
A18: Cant. Ordenes de compras efectuadas | E18: Monto ordenes compras efectuadas
A19: Deuda Reportada este mes | D19: 1646950.9 | E19: Deuda Mes Anteriores | H19: 1890636.9
A20: Monto Aumento/Disminución Deuda | D20: =+D19-H19 -> -243686.05 | E20: Porciento Deuda | H20: =+D20/H19 -> -0.12889098
A21: Cant. Subcuentas/Auxiliares Afectados Según Establecimiento | F21: 0 | G21: S/Analista
A22: Fecha Depósito este Fondo | E22: Fecha Depósito Fondo Anterior
A23: Dias Liquidacion | D23: =NETWORKDAYS(D22,C24)-1 -> -1 | E23: Dias Ciclo Reposicion | H23: =DATEDIF(H22,D22,"d") -> 0
A24: Fecha de Recepcion | C24: ='CONSOLIDADO FR'!F225 -> 0 | E24: Fecha de Revision | H24: ='CONSOLIDADO FR'!J225 -> 0
E25: Firma Enc. Cuenta | G25: ='CONSOLIDADO FR'!A219 -> Lic. Claribel Alt. Cruz Corcino
A27: OBSERVACIONES ACTUALES
A37: Estas observaciones deben venir corregidas en la próxima cuenta

Sheet RELACION DE PAGO FR
A1: Servicio Nacional de Salud
A2: ='CONSOLIDADO FR'!F7 -> Hospital Municipal Fantino
A3: RELACIÓN DE CHEQUES DE ANTICIPOS FINANCIEROS DEL LIB. #- al ------- RD$------- D/F ----------- EXP. No.FR---------
H4: Fondo no.: | I4: 7
A5: CEDULA/RNC | B5: BENEFICIARIO | C5: CK NO. | D5: FECHA | E5: MONTO RD$ | F5: RETENCION | G5: VALOR NETO | H5: CONCEPTO | I5: TIPO DOC | J5: DOCUMENTO DE RESPALDO
A6: 08700128294 | B6: JEAN CARLOS BASULTO | C6: 40390339444 | D6: 45883 | E6: 208337.5 | F6: 10366.25 | G6: =+E6-F6 -> 197971.25 | H6: Compra de Medicamentos | J6: B1500003506
A7: 00201152352 | B7: GABRIEL PEÑA | C7: 40390346015 | D7: 45883 | E7: 7000 | F7: 700 | G7: =+E7-F7 -> 6300 | H7: Viveres | J7: B1100000474
A8: 08700034336 | B8: CLARO | C8: 40390476537 | D8: 45883 | E8: 12058.15 | G8: =+E8-F8 -> 12058.15 | H8: servicios de telefonos | J8: E450000087272
A9: 08700000709 | B9: INAPA | C9: 40390496325 | D9: 45883 | E9: 12000 | G9: =+E9-F9 -> 12000 | H9: Inapa | J9: E450000004249
A10: 08700125969 | B10: IDEMESA | C10: 40390503943 | D10: 45883 | E10: 188259.65 | F10: 9037.67 | G10: =+E10-F10 -> 179221.98 | H10: Compra de Medicamentos y material gastable | J10: B1500001603
A11: 08700200390 | B11: JHONNY VASQUEZ | C11: 40390515464 | D11: 45883 | E11: 7000 | F11: 700 | G11: =+E11-F11 -> 6300 | H11: Repracion de unidad de odontologia | J11: B1100000477
A12: 04900189053 | B12: TOMAS RAMONN BOTTIER | C12: 40390550450 | D12: 45883 | E12: 4650 | G12: =+E12-F12 -> 4650 | H12: viaticos | I12: 13 | J12: 1002
A13: 08700183554 | B13: JOSE Heriberto Ramos | C13: 40390573347 | D13: 45883 | E13: 7300 | G13: =+E13-F13 -> 7300 | H13: viaticos | I13: 13 | J13: 1002
A14: 08700085296 | B14: Valentina Peña | C14: 40390597190 | D14: 45883 | E14: 3900 | G14: =+E14-F14 -> 3900 | H14: viaticos | I14: 13 | J14: 1002
A15: 04900722721 | B15: Danny Marte Alegria | C15: 40390606122 | D15: 45883 | E15: 1350 | G15: =+E15-F15 -> 1350 | H15: viaticos | I15: 13 | J15: 1002
A16: 08700121547 | B16: Maria Ant. Castillo Rosa | C16: 40390612920 | D16: 45883 | E16: 900 | G16: =+E16-F16 -> 900 | H16: viaticos | I16: 13 | J16: 1002
A17: 08700089116 | B17: Miguelanjer Reynoso | C17: 40390619709 | D17: 45883 | E17: 900 | G17: =+E17-F17 -> 900 | H17: Viaticos | I17: 13 | J17: 1002
A18: 40238176941 | B18: Yohanna Alt. Luis O | C18: 40390626257 | D18: 45883 | E18: 900 | G18: =+E18-F18 -> 900 | H18: viaticos | I18: 13 | J18: 1002
A19: 40222049609 | B19: Paulita Sanchez V. | C19: 40390632174 | D19: 45883 | E19: 800 | G19: =+E19-F19 -> 800 | H19: viaticos | I19: 13 | J19: 1002
A20: 08700082327 | B20: Anyelina Alt. Castillo | C20: 40390644010 | D20: 45883 | E20: 900 | G20: =+E20-F20 -> 900 | H20: Viaticos | I20: 13 | J20: 1002
A21: 08700170965 | B21: Ana Rosa de Leon | C21: 40390653404 | D21: 45883 | E21: 900 | G21: =+E21-F21 -> 900 | H21: Viaticos | I21: 13 | J21: 1002
A22: 08700183687 | B22: Yanilda E. Lara | C22: 40390681218 | D22: 45883 | E22: 2600 | G22: =+E22-F22 -> 2600 | H22: Viaticos | I22: 13 | J22: 1002
A23: 08700031985 | B23: Nelson Vasquez Maria | C23: 40390709240 | D23: 45883 | E23: 2200 | G23: =+E23-F23 -> 2200 | H23: Viaticos | I23: 13 | J23: 1002
... A31: 08700083051 | B31: josefina Peña | C31: 40398909697 | D31: 45884 | E31: 800 | G31: =+E31-F31 -> 800 | H31: viaticos | I31: 13 | J31: 1002
A32: 08700056016 | B32: carmen Vazquez | C32: 40398920261 | D32: 45884 | E32: 1300 | G32: 1300 | H32: viaticos | I32: 13 | J32: 1002
A33: 133305291 | B33: colector de impuestos internos | C33: 40398935320 | D33: 45884 | G33: 20803.92
A34: 401007452 | B34: Banco de Reservas | D34: 45884 | E34: 760.96 | G34: =+E34-F34 -> 760.96 | H34: Comision Bancaria al 15/08/2025
A35: 401007453 | B35: Banco de Reservas | D35: 45900 | E35: 175 | G35: 175 | H35: Comision Bancaria al 31/08/2026
B36: TOTAL EJECUTADO | E36: =SUM(E6:E35) -> 475691.26 | F36: =SUM(F6:F34) -> 20803.92 | G36: =SUM(G6:G34) -> 475516.26
A38: PREPARADO POR: Claribel Cruz C. | H38: APROBADO POR. Yenny M. Garcia
B39: Enc. De Contabilidad | H39: Administradora

Sheet CONS. FUENTES FINAN
A1: Form. No.6 SRS
A3: Servicio Nacional de Salud
A4: Dirección de Fizcalización
A5: Consolidado de Ingresos y Gastos por Fuente de Financiamiento
A6: ='CONSOLIDADO FR'!F7 -> Hospital Municipal Fantino
A7: AGOSTO 2025
C8: Ingresos Generales:
E9: 1.- Balance Inicial / Fuente:
E10: Anticipo Financiero | G10: 1119.3 | H10: Otros Aportes | J10: 1127715 | M10: Contraseña: 0001
E11: Transferencias Corrientes
E12: Venta de Servicios | G12: 2120798.3
E13: 2.- Ingresos por Fuente / Cuenta
E14: Anticipo Financiero | G14: 474930.32 | H14: Otros Aportes | J14: 140820 | M14: OBJETAL | N14: FR | O14: VS
E15: Transferencias Corrientes | H15: Aportes Nomina SNS | M15: 2.1 | N15: =G26 -> 0 | O15: =H26 -> 0
E16: Venta de Servicios | G16: 1828184.4 | M16: 2.2 | N16: =G87 -> 72094.11 | O16: =H87 -> 581115.77
H17: TOTAL INGRESOS RDS | J17: =+G10+G11+G12+J10+G14+G15+G16+J14+J15 -> 5693567.3 | M17: 2.3 | N17: ='CONS. FUENTES FINAN'!G212 -> 403597.15 | O17: ='CONS. FUENTES FINAN'!H212 -> 1403028.7
M18: 2.4 | N18: =G330 -> 0 | O18: =H330 -> 0
M19: 2.6 | N19: =G336 -> 0 | O19: =H336 -> 386900.16
M20: 2.7 | N20: ='CONS. FUENTES FINAN'!G463 -> 0 | O20: ='CONS. FUENTES FINAN'!H463 -> 0
A21: 1 | F21: 2 | G21: 3 | J21: 4 | K21: 5
A22: Código Presupuestario | F22: Descripción Gasto por Cuenta | G22: Distribución del Gasto por Fuente de Financiamiento | J22: TOTAL | K22: %
A23: Tipo | B23: Objeto | C23: Cuenta | D23: Sub-Cuenta | E23: Auxiliar | G23: Anticipo Financiero/ Transferencia | H23: Venta de Servicios/ Otros Aportes | I23: Aportes Nomina SNS
A25: 2 | F25: Gastos | G25: =+G26+G87+G212+G330+G336+G463 -> 475691.26 | H25: =+H26+H87+H212+H330+H336+H463 -> 2371044.6 | I25: =+I26+I87+I212+I330+I336+I463 -> 0 | J25: =SUM(G25:I25) -> 2846735.9 | K25: =+K26+K87+K212+K330+K336+K463 -> 1
A26: 2 | B26: 1 | F26: Servicios Personales | G26: =+G27+G51+G64+G71+G78 -> 0 | H26: =+H27+H51+H64+H71+H78 -> 0 | I26: =+I27+I51+I64+I71+I78 -> 0 | J26: =SUM(G26:I26) -> 0 | K26: =J26/$J$25 -> 0
A27: 2 | B27: 1 | C27: 1 | F27: Remuneraciones | G27: =+G28+G35+G42+G44+G46 -> 0 | H27: =+H28+H35+H42+H44+H46 -> 0 | I27: =+I28+I35+I42+I44+I46 -> 0 | J27: =SUM(G27:I27) -> 0
A28: 2 | B28: 1 | C28: 1 | D28: 1 | F28: Remuneraciones al personal fijo | G28: =SUM(G29:G34) -> 0 | H28: =SUM(H29:H34) -> 0 | I28: =SUM(I29:I34) -> 0 | J28: =SUM(G28:I28) -> 0
A29: 2 | B29: 1 | C29: 1 | D29: 1 | E29: 01 | F29: Sueldos a empleados fijos | H29: ='CUENTA T VS'!A73 -> 0 | I29: ='CUENTA T NOMINA SNS'!A58 -> 0 | J29: =SUM(G29:I29) -> 0 | K29: =J29/$J$25 -> 0
A30: 2 | B30: 1 | C30: 1 | D30: 1 | E30: 02 | F30: Sueldos a médicos | H30: ='CUENTA T VS'!B73 -> 0 | I30: ='CUENTA T NOMINA SNS'!B58 -> 0 | J30: =SUM(G30:I30) -> 0 | K30: =J30/$J$25 -> 0
A31: 2 | B31: 1 | C31: 1 | D31: 1 | E31: 03 | F31: Ascensos a militares | H31: ='CUENTA T VS'!C73 -> 0 | I31: ='CUENTA T NOMINA SNS'!C58 -> 0 | J31: =SUM(G31:I31) -> 0 | K31: =J31/$J$25 -> 0
A32: 2 | B32: 1 | C32: 1 | D32: 1 | E32: 04 | F32: Nuevas plazas maestros | H32: ='CUENTA T VS'!D73 -> 0 | I32: ='CUENTA T NOMINA SNS'!D58 -> 0 | J32: =SUM(G32:I32) -> 0 | K32: =J32/$J$25 -> 0
A33: 2 | B33: 1 | C33: 1 | D33: 1 | E33: 05 | F33: Incentivos y escalafón | H33: ='CUENTA T VS'!E73 -> 0 | I33: ='CUENTA T NOMINA SNS'!E58 -> 0 | J33: =SUM(G33:I33) -> 0 | K33: =J33/$J$25 -> 0
A34: 2 | B34: 1 | C34: 1 | D34: 1 | E34: 06 | F34: Nuevas plazas a médicos | H34: ='CUENTA T VS'!F73 -> 0 | I34: ='CUENTA T NOMINA SNS'!F58 -> 0 | J34: =SUM(G34:I34) -> 0 | K34: =J34/$J$25 -> 0
A35: 2 | B35: 1 | C35: 1 | D35: 2 | F35: Remuneraciones al personal con carácter transitorio | G35: =SUM(G36:G41) -> 0 | H35: =SUM(H36:H41) -> 0 | I35: =SUM(I36:I41) -> 0 | J35: =SUM(G35:I35) -> 0
A36: 2 | B36: 1 | C36: 1 | D36: 2 | E36: 03 | F36: Suplencias | H36: ='CUENTA T VS'!G73 -> 0 | I36: ='CUENTA T NOMINA SNS'!G58 -> 0 | J36: =SUM(G36:I36) -> 0 | K36: =J36/$J$25 -> 0
A37: 2 | B37: 1 | C37: 1 | D37: 2 | E37: 05 | F37: Sueldo al personal nominal en período probatorio | H37: ='CUENTA T VS'!H73 -> 0 | I37: ='CUENTA T NOMINA SNS'!H58 -> 0 | J37: =SUM(G37:I37) -> 0 | K37: =J37/$J$25 -> 0
A38: 2 | B38: 1 | C38: 1 | D38: 2 | E38: 06 | F38: Jornales | H38: ='CUENTA T VS'!I73 -> 0 | I38: ='CUENTA T NOMINA SNS'!I58 -> 0 | J38: =SUM(G38:I38) -> 0 | K38: =J38/$J$25 -> 0
A39: 2 | B39: 1 | C39: 1 | D39: 2 | E39: 08 | F39: Empleados temporales | H39: ='CUENTA T VS'!J73 -> 0 | I39: ='CUENTA T NOMINA SNS'!J58 -> 0 | J39: =SUM(G39:I39) -> 0 | K39: =J39/$J$25 -> 0
A40: 2 | B40: 1 | C40: 1 | D40: 2 | E40: 09 | F40: Personal de carácter eventual | H40: ='CUENTA T VS'!K73 -> 0 | I40: ='CUENTA T NOMINA SNS'!K58 -> 0 | J40: =SUM(G40:I40) -> 0 | K40: =J40/$J$25 -> 0
A41: 2 | B41: 1 | C41: 1 | D41: 2 | E41: 11 | F41: Interinato | H41: ='CUENTA T VS'!L73 -> 0 | I41: ='CUENTA T NOMINA SNS'!L58 -> 0 | J41: =SUM(G41:I41) -> 0 | K41: =J41/$J$25 -> 0
A42: 2 | B42: 1 | C42: 1 | D42: 3 | F42: Sueldos al personal fijo en trámite de pensiones | G42: =SUM(G43) -> 0 | H42: =SUM(H43) -> 0 | I42: =SUM(I43) -> 0 | J42: =SUM(G42:I42) -> 0
A43: 2 | B43: 1 | C43: 1 | D43: 3 | E43: 01 | F43: Sueldos al personal fijo en trámite de pensiones | H43: ='CUENTA T VS'!M73 -> 0 | I43: ='CUENTA T NOMINA SNS'!M58 -> 0 | J43: =SUM(G43:I43) -> 0 | K43: =J43/$J$25 -> 0
A44: 2 | B44: 1 | C44: 1 | D44: 4 | F44: Sueldo anual no. 13 | G44: =SUM(G45) -> 0 | H44: =SUM(H45) -> 0 | I44: =SUM(I45) -> 0 | J44: =SUM(G44:I44) -> 0
A45: 2 | B45: 1 | C45: 1 | D45: 4 | E45: 01 | F45: Sueldo anual no. 13 | H45: ='CUENTA T VS'!N73 -> 0 | I45: ='CUENTA T NOMINA SNS'!N58 -> 0 | J45: =SUM(G45:I45) -> 0 | K45: =J45/$J$25 -> 0
A46: 2 | B46: 1 | C46: 1 | D46: 5 | F46: Prestaciones económinas | G46: =SUM(G47:G50) -> 0 | H46: =SUM(H47:H50) -> 0 | I46: =SUM(I47:I50) -> 0 | J46: =SUM(G46:I46) -> 0
A47: 2 | B47: 1 | C47: 1 | D47: 5 | E47: 01 | F47: Prestaciones económinas | H47: ='CUENTA T VS'!O73 -> 0 | I47: ='CUENTA T NOMINA SNS'!O58 -> 0 | J47: =SUM(G47:I47) -> 0 | K47: =J47/$J$25 -> 0
A48: 2 | B48: 1 | C48: 1 | D48: 5 | E48: 02 | F48: Pago de porcentaje por desvinculación de cargo | H48: ='CUENTA T VS'!P73 -> 0 | I48: ='CUENTA T NOMINA SNS'!P58 -> 0 | J48: =SUM(G48:I48) -> 0 | K48: =J48/$J$25 -> 0
A49: 2 | B49: 1 | C49: 1 | D49: 5 | E49: 03 | F49: Prestación laboral por desvinculación | H49: ='CUENTA T VS'!Q73 -> 0 | I49: ='CUENTA T NOMINA SNS'!Q58 -> 0 | J49: =SUM(G49:I49) -> 0 | K49: =J49/$J$25 -> 0
A50: 2 | B50: 1 | C50: 1 | D50: 5 | E50: 04 | F50: Proporción de vacaciones no disfrutadas | H50: ='CUENTA T VS'!R73 -> 0 | I50: ='CUENTA T NOMINA SNS'!R58 -> 0 | J50: =SUM(G50:I50) -> 0 | K50: =J50/$J$25 -> 0
A51: 2 | B51: 1 | C51: 2 | F51: Sobresueldos | G51: =+G52+G54 -> 0 | H51: =+H52+H54 -> 0 | I51: =+I52+I54 -> 0 | J51: =SUM(G51:I51) -> 0
A52: 2 | B52: 1 | C52: 2 | D52: 1 | F52: Primas por antigüedad | G52: =SUM(G53) -> 0 | H52: =SUM(H53) -> 0 | I52: =SUM(I53) -> 0 | J52: =SUM(G52:I52) -> 0
A53: 2 | B53: 1 | C53: 2 | D53: 1 | E53: 01 | F53: Primas por antigüedad | H53: ='CUENTA T VS'!S73 -> 0 | I53: ='CUENTA T NOMINA SNS'!S58 -> 0 | J53: =SUM(G53:I53) -> 0 | K53: =J53/$J$25 -> 0
A54: 2 | B54: 1 | C54: 2 | D54: 2 | F54: Compensación | G54: =SUM(G55:G63) -> 0 | H54: =SUM(H55:H63) -> 0 | I54: =SUM(I55:I63) -> 0 | J54: =SUM(G54:I54) -> 0
A55: 2 | B55: 1 | C55: 2 | D55: 2 | E55: 01 | F55: Compensación por gastos de alimentación | H55: ='CUENTA T VS'!T73 -> 0 | I55: ='CUENTA T NOMINA SNS'!T58 -> 0 | J55: =SUM(G55:I55) -> 0 | K55: =J55/$J$25 -> 0
A56: 2 | B56: 1 | C56: 2 | D56: 2 | E56: 03 | F56: Pago de horas extraordinarias | H56: ='CUENTA T VS'!U73 -> 0 | I56: ='CUENTA T NOMINA SNS'!U58 -> 0 | J56: =SUM(G56:I56) -> 0 | K56: =J56/$J$25 -> 0
A57: 2 | B57: 1 | C57: 2 | D57: 2 | E57: 04 | F57: Prima de transporte | H57: ='CUENTA T VS'!V73 -> 0 | I57: ='CUENTA T NOMINA SNS'!V58 -> 0 | J57: =SUM(G57:I57) -> 0 | K57: =J57/$J$25 -> 0
A58: 2 | B58: 1 | C58: 2 | D58: 2 | E58: 05 | F58: Compensación servicios de Seguridad | H58: ='CUENTA T VS'!W73 -> 0 | I58: ='CUENTA T NOMINA SNS'!W58 -> 0 | J58: =SUM(G58:I58) -> 0 | K58: =J58/$J$25 -> 0
A59: 2 | B59: 1 | C59: 2 | D59: 2 | E59: 06 | F59: Incentivo por Rendimieto Individual | H59: ='CUENTA T VS'!X73 -> 0 | I59: ='CUENTA T NOMINA SNS'!X58 -> 0 | J59: =SUM(G59:I59) -> 0 | K59: =J59/$J$25 -> 0
A60: 2 | B60: 1 | C60: 2 | D60: 2 | E60: 07 | F60: Compensación por distancia | H60: ='CUENTA T VS'!Y73 -> 0 | I60: ='CUENTA T NOMINA SNS'!Y58 -> 0 | J60: =SUM(G60:I60) -> 0 | K60: =J60/$J$25 -> 0
A61: 2 | B61: 1 | C61: 2 | D61: 2 | E61: 08 | F61: Compensaciones especiales | H61: ='CUENTA T VS'!Z73 -> 0 | I61: ='CUENTA T NOMINA SNS'!Z58 -> 0 | J61: =SUM(G61:I61) -> 0 | K61: =J61/$J$25 -> 0
A62: 2 | B62: 1 | C62: 2 | D62: 2 | E62: 09 | F62: Bono por desempeño a servidores de carrera | H62: ='CUENTA T VS'!AA73 -> 0 | I62: ='CUENTA T NOMINA SNS'!AA58 -> 0 | J62: =SUM(G62:I62) -> 0 | K62: =J62/$J$25 -> 0
A63: 2 | B63: 1 | C63: 2 | D63: 2 | E63: 10 | F63: Compensacion por cumplimiento de indicadores | H63: ='CUENTA T VS'!AB73 -> 0 | I63: ='CUENTA T NOMINA SNS'!AB58 -> 0 | J63: =SUM(G63:I63) -> 0 | K63: =J63/$J$25 -> 0
A64: 2 | B64: 1 | C64: 3 | F64: Dietas y Gastos de Representación | G64: =+G65+G68 -> 0 | H64: =+H65+H68 -> 0 | I64: =+I65+I68 -> 0 | J64: =SUM(G64:I64) -> 0
A65: 2 | B65: 1 | C65: 3 | D65: 1 | F65: Dietas | G65: =SUM(G66:G67) -> 0 | H65: =SUM(H66:H67) -> 0 | I65: =SUM(I66:I67) -> 0 | J65: =SUM(G65:I65) -> 0
A66: 2 | B66: 1 | C66: 3 | D66: 1 | E66: 01 | F66: Dietas en el país | H66: ='CUENTA T VS'!AC73 -> 0 | I66: ='CUENTA T NOMINA SNS'!AC58 -> 0 | J66: =SUM(G66:I66) -> 0 | K66: =J66/$J$25 -> 0
A67: 2 | B67: 1 | C67: 3 | D67: 1 | E67: 02 | F67: Dietas en el exterior | H67: ='CUENTA T VS'!AD73 -> 0 | I67: ='CUENTA T NOMINA SNS'!AD58 -> 0 | J67: =SUM(G67:I67) -> 0 | K67: =J67/$J$25 -> 0
A68: 2 | B68: 1 | C68: 3 | D68: 2 | F68: Gastos de representación | G68: =SUM(G69:G70) -> 0 | H68: =SUM(H69:H70) -> 0 | I68: =SUM(I69:I70) -> 0 | J68: =SUM(G68:I68) -> 0
A69: 2 | B69: 1 | C69: 3 | D69: 2 | E69: 01 | F69: Gastos de representación en el país | H69: ='CUENTA T VS'!AE73 -> 0 | I69: ='CUENTA T NOMINA SNS'!AE58 -> 0 | J69: =SUM(G69:I69) -> 0 | K69: =J69/$J$25 -> 0
A70: 2 | B70: 1 | C70: 3 | D70: 2 | E70: 02 | F70: Gastos de representación en el exterior | H70: ='CUENTA T VS'!AF73 -> 0 | I70: ='CUENTA T NOMINA SNS'!AF58 -> 0 | J70: =SUM(G70:I70) -> 0 | K70: =J70/$J$25 -> 0
A71: 2 | B71: 1 | C71: 4 | F71: Gratificaciones y Bonificaciones | G71: =+G72+G74 -> 0 | H71: =+H72+H74 -> 0 | I71: =+I72+I74 -> 0 | J71: =SUM(G71:I71) -> 0
A72: 2 | B72: 1 | C72: 4 | D72: 1 | F72: Bonificaciones | G72: =SUM(G73) -> 0 | H72: =SUM(H73) -> 0 | I72: =SUM(I73) -> 0 | J72: =SUM(G72:I72) -> 0
A73: 2 | B73: 1 | C73: 4 | D73: 1 | E73: 01 | F73: Bonificaciones | H73: ='CUENTA T VS'!AG73 -> 0 | I73: ='CUENTA T NOMINA SNS'!AG58 -> 0 | J73: =SUM(G73:I73) -> 0 | K73: =J73/$J$25 -> 0
A74: 2 | B74: 1 | C74: 4 | D74: 2 | F74: Otras Gratificaciones y Bonificaciones | G74: =SUM(G75:G77) -> 0 | H74: =SUM(H75:H77) -> 0 | I74: =SUM(I75:I77) -> 0 | J74: =SUM(G74:I74) -> 0
A75: 2 | B75: 1 | C75: 4 | D75: 2 | E75: 01 | F75: Bono escolar | H75: ='CUENTA T VS'!AG73 -> 0 | I75: ='CUENTA T NOMINA SNS'!AH58 -> 0 | J75: =SUM(G75:I75) -> 0 | K75: =J75/$J$25 -> 0
A76: 2 | B76: 1 | C76: 4 | D76: 2 | E76: 02 | F76: Gratificaciones por pasantías | H76: ='CUENTA T VS'!AH73 -> 0 | I76: ='CUENTA T NOMINA SNS'!AI58 -> 0 | J76: =SUM(G76:I76) -> 0 | K76: =J76/$J$25 -> 0
A77: 2 | B77: 1 | C77: 4 | D77: 2 | E77: 03 | F77: Gratificaciones por aniversario de institución | H77: ='CUENTA T VS'!AJ73 -> 0 | I77: ='CUENTA T NOMINA SNS'!AJ58 -> 0 | J77: =SUM(G77:I77) -> 0 | K77: =J77/$J$25 -> 0
A78: 2 | B78: 1 | C78: 5 | F78: Contribuciones a la Seguridad Social y Riesgo Laboral | G78: =+G79+G81+G83+G85 -> 0 | H78: =+H79+H81+H83+H85 -> 0 | I78: =+I79+I81+I83+I85 -> 0 | J78: =SUM(G78:I78) -> 0
A79: 2 | B79: 1 | C79: 5 | D79: 1 | F79: Contribuciones al seguro de salud | G79: =SUM(G80) -> 0 | H79: =SUM(H80) -> 0 | I79: =SUM(I80) -> 0 | J79: =SUM(G79:I79) -> 0
A80: 2 | B80: 1 | C80: 5 | D80: 1 | E80: 01 | F80: Contribuciones al seguro de salud | H80: ='CUENTA T VS'!AK73 -> 0 | I80: ='CUENTA T NOMINA SNS'!AK58 -> 0 | J80: =SUM(G80:I80) -> 0 | K80: =J80/$J$25 -> 0
A81: 2 | B81: 1 | C81: 5 | D81: 2 | F81: Contribuciones al seguro de pensiones | G81: =SUM(G82) -> 0 | H81: =SUM(H82) -> 0 | I81: =SUM(I82) -> 0 | J81: =SUM(G81:I81) -> 0
A82: 2 | B82: 1 | C82: 5 | D82: 2 | E82: 01 | F82: Contribuciones al seguro de pensiones | H82: ='CUENTA T VS'!AL73 -> 0 | I82: ='CUENTA T NOMINA SNS'!AL58 -> 0 | J82: =SUM(G82:I82) -> 0 | K82: =J82/$J$25 -> 0
A83: 2 | B83: 1 | C83: 5 | D83: 3 | F83: Contribuciones al seguro de riesgo laboral | G83: =SUM(G84) -> 0 | H83: =SUM(H84) -> 0 | I83: =SUM(I84) -> 0 | J83: =SUM(G83:I83) -> 0
A84: 2 | B84: 1 | C84: 5 | D84: 3 | E84: 01 | F84: Contribuciones al seguro de riesgo laboral | H84: ='CUENTA T VS'!AM73 -> 0 | I84: ='CUENTA T NOMINA SNS'!AM58 -> 0 | J84: =SUM(G84:I84) -> 0 | K84: =J84/$J$25 -> 0
A85: 2 | B85: 1 | C85: 5 | D85: 4 | F85: Contribuciones al plan de retiro complementario | G85: =SUM(G86) -> 0 | H85: =SUM(H86) -> 0 | I85: =SUM(I86) -> 0 | J85: =SUM(G85:I85) -> 0
A86: 2 | B86: 1 | C86: 5 | D86: 4 | E86: 01 | F86: Contribuciones al plan de retiro complementario | H86: ='CUENTA T VS'!AN73 -> 0 | I86: ='CUENTA T NOMINA SNS'!AN58 -> 0 | J86: =SUM(G86:I86) -> 0 | K86: =J86/$J$25 -> 0
A87: 2 | B87: 2 | F87: Servicios No Personales | G87: =G88+G106+G111+G116+G125+G148+G157+G179+G208 -> 72094.11 | H87: =H88+H106+H111+H116+H125+H148+H157+H179+H208 -> 581115.77 | I87: =I88+I106+I111+I116+I125+I148+I157+I179+I208 -> 0 | J87: =SUM(G87:I87) -> 653209.88 | K87: =J87/$J$25 -> 0.22945925
A88: 2 | B88: 2 | C88: 1 | F88: Servicios Básicos | G88: =+G89+G91+G93+G95+G97+G99+G102+G104 -> 24058.15 | H88: =+H89+H91+H93+H95+H97+H99+H102+H104 -> 15857.73 | I88: =+I89+I91+I93+I95+I97+I99+I102+I104 -> 0 | J88: =SUM(G88:I88) -> 39915.88
A89: 2 | B89: 2 | C89: 1 | D89: 1 | F89: Radiocomunicación | G89: =SUM(G90) -> 0 | H89: =SUM(H90) -> 0 | I89: =SUM(I90) -> 0 | J89: =SUM(G89:I89) -> 0
A90: 2 | B90: 2 | C90: 1 | D90: 1 | E90: 01 | F90: Radiocomunicación | G90: ='CONSOLIDADO FR'!K19 -> 0 | H90: ='CUENTA T VS'!AO73 -> 0 | J90: =SUM(G90:I90) -> 0 | K90: =J90/$J$25 -> 0
A91: 2 | B91: 2 | C91: 1 | D91: 2 | F91: Servicios telefónico de larga distancia | G91: =SUM(G92) -> 0 | H91: =SUM(H92) -> 0 | I91: =SUM(I92) -> 0 | J91: =SUM(G91:I91) -> 0
A92: 2 | B92: 2 | C92: 1 | D92: 2 | E92: 01 | F92: Servicios telefónico de larga distancia | G92: ='CONSOLIDADO FR'!K21 -> 0 | H92: ='CUENTA T VS'!AP73 -> 0 | J92: =SUM(G92:I92) -> 0 | K92: =J92/$J$25 -> 0
A93: 2 | B93: 2 | C93: 1 | D93: 3 | F93: Teléfono local | G93: =SUM(G94) -> 12058.15 | H93: =SUM(H94) -> 15857.73 | I93: =SUM(I94) -> 0 | J93: =SUM(G93:I93) -> 27915.88
A94: 2 | B94: 2 | C94: 1 | D94: 3 | E94: 01 | F94: Teléfono local | G94: ='CONSOLIDADO FR'!K23 -> 12058.15 | H94: ='CUENTA T VS'!AQ73 -> 15857.73 | J94: =SUM(G94:I94) -> 27915.88 | K94: =J94/$J$25 -> 0.0098062769
A95: 2 | B95: 2 | C95: 1 | D95: 4 | F95: Telefax y correos | G95: =SUM(G96) -> 0 | H95: =SUM(H96) -> 0 | I95: =SUM(I96) -> 0 | J95: =SUM(G95:I95) -> 0
A96: 2 | B96: 2 | C96: 1 | D96: 4 | E96: 01 | F96: Telefax y correos | G96: ='CONSOLIDADO FR'!K25 -> 0 | H96: ='CUENTA T VS'!AR73 -> 0 | J96: =SUM(G96:I96) -> 0 | K96: =J96/$J$25 -> 0
A97: 2 | B97: 2 | C97: 1 | D97: 5 | F97: Servicio de Internet y televisión por cable | G97: =SUM(G98) -> 0 | H97: =SUM(H98) -> 0 | I97: =SUM(I98) -> 0 | J97: =SUM(G97:I97) -> 0
A98: 2 | B98: 2 | C98: 1 | D98: 5 | E98: 01 | F98: Servicio de Internet y televisión por cable | G98: ='CONSOLIDADO FR'!K27 -> 0 | H98: ='CUENTA T VS'!AS73 -> 0 | J98: =SUM(G98:I98) -> 0 | K98: =J98/$J$25 -> 0
A99: 2 | B99: 2 | C99: 1 | D99: 6 | F99: Electricidad | G99: =SUM(G100:G101) -> 0 | H99: =SUM(H100:H101) -> 0 | I99: =SUM(I100:I101) -> 0 | J99: =SUM(G99:I99) -> 0
A100: 2 | B100: 2 | C100: 1 | D100: 6 | E100: 01 | F100: Energía eléctrica | G100: ='CONSOLIDADO FR'!K29 -> 0 | H100: ='CUENTA T VS'!AT73 -> 0 | J100: =SUM(G100:I100) -> 0 | K100: =J100/$J$25 -> 0
A101: 2 | B101: 2 | C101: 1 | D101: 6 | E101: 02 | F101: Electricidad no cortable | H101: ='CUENTA T VS'!AU73 -> 0 | J101: =SUM(G101:I101) -> 0 | K101: =J101/$J$25 -> 0
A102: 2 | B102: 2 | C102: 1 | D102: 7 | F102: Agua | G102: =SUM(G103) -> 12000 | H102: =SUM(H103) -> 0 | I102: =SUM(I103) -> 0 | J102: =SUM(G102:I102) -> 12000
...

Sheet CUENTA T VS
A1: 211101 | B1: 211102 | C1: 211103 | D1: 211104 | E1: 211105 | F1: 211106 | G1: 211203 | H1: 211205 | I1: 211206 | J1: 211208 | K1: 211209 | L1: 211211 | M1: 211301 | N1: 211401 | O1: 211501 | P1: 211502 | Q1: 211503 | R1: 211504 | S1: 212101 | T1: 212201 | U1: 212203 | V1: 212204 | W1: 212205 | X1: 212206 | Y1: 212207 | Z1: 212208 | AA1: 212209 | AB1: 212210 | AC1: 213101 | AD1: 213102 | AE1: 213201 | AF1: 213202 | AG1: 214101 | AH1: 214201 | AI1: 214202 | AJ1: 214203 | AK1: 215101 | AL1: 215201 | AM1: 215301 | AN1: 215401 | AO1: 221101 | AP1: 221201 | AQ1: 221301 | AR1: 221401 | AS1: 221501 | AT1: 221601 | AU1: 221602 | AV1: 221701 | AW1: 221801 | AX1: 222101 | AY1: 222201 | AZ1: 223101 | BA1: 223201 | BB1: 224101 | BC1: 224201 | BD1: 224301 | BE1: 224401 | BF1: 225101 | BG1: 225201 | BH1: 225301 | BI1: 225302 | BJ1: 225303 | BK1: 225304 | BL1: 225305 | BM1: 225401 | BN1: 225501 | BO1: 225601 | BP1: 225701 | BQ1: 225801 | BR1: 225901 | BS1: 226101 | BT1: 226201 | BU1: 226301 | BV1: 226401 | BW1: 227101 | BX1: 227102 | BY1: 227103 | BZ1: 227104 | CA1: 227105 | CB1: 227106 | CC1: 227107 | CD1: 227199 | CE1: 227201 | CF1: 227202 | CG1: 227203 | CH1: 227204 | CI1: 227205 | CJ1: 227206 | CK1: 227207 | CL1: 227208 | CM1: 227299 | CN1: 227301 | CO1: 228101 | CP1: 228201 | CQ1: 228301 | CR1: 228401 | CS1: 228501 | CT1: 228502 | CU1: 228503 | CV1: 228601 | CW1: 228602 | CX1: 228603 | CY1: 228604 | CZ1: 228701 | DA1: 228702 | DB1: 228703 | DC1: 228704 | DD1: 228705 | DE1: 228706 | DF1: 228801 | DG1: 228802 | DH1: 228803 | DI1: 229201 | DJ1: 229203 | DK1: 231101 | DL1: 231102 | DM1: 231201 | DN1: 231301 | DO1: 231302 | DP1: 231303 | DQ1: 231401 | DR1: 232101 | DS1: 232201 | DT1: 232301 | DU1: 233101 | DV1: 233201 | DW1: 233301 | DX1: 233401 | DY1: 233501 | DZ1: 233601 | EA1: 234101 | EB1: 234201 | EC1: 235101 | ED1: 235201 | EE1: 235301 | EF1: 235401 | EG1: 235501 | EH1: 236101 | EI1: 236102 | EJ1: 236103 | EK1: 236104 | EL1: 236105 | EM1: 236201 | EN1: 236202 | EO1: 236203 | EP1: 236304 | EQ1: 236305 | ER1: 236306 | ES1: 236401 | ET1: 236402 | EU1: 236403 | EV1: 236404 | EW1: 236405 | EX1: 236406 | EY1: 236407 | EZ1: 236901 | FA1: 237101 | FB1: 237102 | FC1: 237103 | FD1: 237104 | FE1: 237105 | FF1: 237106 | FG1: 237107 | FH1: 237201 | FI1: 237202 | FJ1: 237203 | FK1: 237204 | FL1: 237205 | FM1: 237206 | FN1: 237299 | FO1: 238101 | FP1: 238201 | FQ1: 239101 | FR1: 239102 | FS1: 239201 | FT1: 239301 | FU1: 239401 | FV1: 239501 | FW1: 239601 | FX1: 239701 | FY1: 239801 | FZ1: 239802 | GA1: 239901 | GB1: 239904 | GC1: 241201 | GD1: 241202 | GE1: 241203 | GF1: 241204 | GG1: 241205 | GH1: 261101 | GI1: 261201 | GJ1: 261301 | GK1: 261401 | GL1: 261901 | GM1: 262101 | GN1: 262201 | GO1: 262301 | GP1: 262401 | GQ1: 263101 | GR1: 263201 | GS1: 263301 | GT1: 263401 | GU1: 264101 | GV1: 264201 | GW1: 264301 | GX1: 264401 | GY1: 264501 | GZ1: 264601 | HA1: 264701 | HB1: 264801 | HC1: 265101 | HD1: 265201 | HE1: 265301 | HF1: 265401 | HG1: 265501 | HH1: 265601 | HI1: 265701 | HJ1: 265801 | HK1: 266101 | HL1: 266201 | HM1: 267101 | HN1: 267201 | HO1: 267301 | HP1: 267401 | HQ1: 267501 | HR1: 267601 | HS1: 267701 | HT1: 267801 | HU1: 267901 | HV1: 268101 | HW1: 268201 | HX1: 268301 | HY1: 268302 | HZ1: 268401 | IA1: 268501 | IB1: 268601 | IC1: 268701 | ID1: 268802 | IE1: 268803 | IF1: 268804 | IG1: 268901 | IH1: 269101 | II1: 269102 | IJ1: 269201 | IK1: 269202 | IL1: 269301 | IM1: 269401 | IN1: 269501 | IO1: 269502 | IP1: 269503 | IQ1: 2269901 | IR1: 271101 | IS1: 271201 | IT1: 271301 | IU1: 271401 | IV1: 272101 | IW1: 272201 | IX1: 272301 | IY1: 272401 | IZ1: 272501 | JA1: 272601 | JB1: 272701 | JC1: 272801 | JD1: 272901 | JE1: 273101 | JF1: 273201 | JG1: 274101 | JH1: 274201 | JI1: Totales | JJ1: TRANSF NO. | JK1: VALOR | JL1: RETENCION | JM1: AÑOS ANTERIORES | JN1: 2022 | JO1: Total | JP1: Proveedor Informal
FA2: 87500 | FB2: 120000 | JI2: =SUM(A2:JH2) -> 207500 | JJ2: 40289987558 | JK2: 207500 | JL2: 1082.86 | JO2: =+JM2+JN2 -> 0
BM3: 7000 | JI3: =SUM(A3:JH3) -> 7000 | JJ3: 40290479785 | JK3: 7000 | JL3: 700 | JP3: 7000
CL4: 7000 | JI4: =SUM(A4:JH4) -> 7000 | JJ4: 40312976735 | JK4: 7000 | JL4: 700 | JP4: 7000
DW5: 6500 | JI5: =SUM(A5:JH5) -> 6500 | JJ5: 40313220724 | JK5: 6500 | JL5: 650 | JP5: 6500
CL6: 172442 | JI6: =SUM(A6:JH6) -> 172442 | JJ6: 40347766143 | JK6: 172442 | JL6: 7306.86
HX7: 90000 | JI7: =SUM(A7:JH7) -> 90000 | JJ7: 40347915356 | JK7: 90000
CL8: 282539.2 | JI8: =SUM(A8:JH8) -> 282539.2 | JJ8: 40347925923 | JK8: 282539.2 | JL8: 11972
FJ9: 43900 | JI9: =SUM(A9:JH9) -> 43900 | JJ9: 40347934103 | JK9: 43900 | JL9: 2195
DK10: 80100 | JI10: =SUM(A10:JH10) -> 80100 | JJ10: 40379301133 | JK10: 80100 | JL10: 3719.63
FT11: 29283.14 | JI11: =SUM(A11:JH11) -> 29283.14 | JJ11: 40389945203 | JK11: 29283.14 | JL11: 1280.35
EA12: 31525 | JI12: =SUM(A12:JH12) -> 31525 | JJ12: 40389949642 | JK12: 31525 | JL12: 1576.25
EA13: 78000 | FJ13: 10350 | FT13: 6014.4 | JI13: =SUM(A13:JH13) -> 94364.4 | JJ13: 40389954767 | JK13: 94364.4
DV14: 59000 | JI14: =SUM(A14:JH14) -> 59000 | JJ14: 40389961855 | JK14: 59000 | JL14: 2500
AQ15: 15857.73 | JI15: =SUM(A15:JH15) -> 15857.73 | JJ15: 40400403968 | JK15: 15857.73
DK16: 147410 | JI16: =SUM(A16:JH16) -> 147410 | JJ16: 40401082956 | JK16: 147410 | JL16: 6694.28
FT17: 40192.4 | JI17: =SUM(A17:JH17) -> 40192.4 | JJ17: 40476789496 | JK17: 40192.4 | JL17: 1909
GR18: 146353.43 | JI18: =SUM(A18:JH18) -> 146353.43 | JJ18: 40476797955 | JK18: 146353.43 | JL18: 6201.41
FT19: 13350 | JI19: =SUM(A19:JH19) -> 13350 | JJ19: 40476803667 | JK19: 13350 | JL19: 667.5
CH20: 38772.68 | FJ20: 123185.9 | FN20: 3014.55 | FT20: 14869.22 | JI20: =SUM(A20:JH20) -> 179842.35 | JJ20: 40476830242 | JK20: 179842.35
FS21: 67445 | JI21: =SUM(A21:JH21) -> 67445 | JJ21: 40476837404 | JK21: 67445 | JL21: 2879.76
DW22: 60158.76 | JI22: =SUM(A22:JH22) -> 60158.76 | JJ22: 40476843819 | JK22: 60158.76 | JL22: 2549.1
DV23: 413 | EG23: 36120 | FJ23: 2053.2 | FT23: 21813.48 | FW23: 2708.1 | JI23: =SUM(A23:JH23) -> 63107.78 | JJ23: 40476851856 | JK23: 63107.78 | JL23: 2949.55
GR24: 134406.72 | JI24: =SUM(A24:JH24) -> 134406.72 | JJ24: 40482755918 | JK24: 134406.72 | JL24: 5695.2
CL25: 12095 | JI25: =SUM(A25:JH25) -> 12095 | JJ25: 40490015186 | JK25: 12095 | JL25: 812.5
BC26: 11705.6 | FN26: 117056 | JI26: =SUM(A26:JH26) -> 128761.6 | JJ26: 40493840033 | JK26: 128761.6
EA27: 130996.92 | JI27: =SUM(A27:JH27) -> 130996.92 | JJ27: 40499788809 | JK27: 130996.92
DK28: 32418.7 | DN28: 32692.5 | JI28: =SUM(A28:JH28) -> 65111.2 | JJ28: 40499830260 | JK28: 65111.2 | JL28: 3255.56
FV29: 4958.39 | GK29: 16140.01 | JI29: =SUM(A29:JH29) -> 21098.4 | JJ29: 40500678658 | JK29: 21098.4
CM30: 30000 | JI30: =SUM(A30:JH30) -> 30000 | JJ30: 40503285354 | JK30: 30000 | JL30: 1271.18
CP31: 3703.56 | JI31: =SUM(A31:JH31) -> 3703.56 | JK31: 3703.56
JI32: =SUM(A32:JH32) -> 0
JI33: =SUM(A33:JH33) -> 0
JI34: =SUM(A34:JH34) -> 0
JI35: =SUM(A35:JH35) -> 0
JI36: =SUM(A36:JH36) -> 0
JI37: =SUM(A37:JH37) -> 0
JI38: =SUM(A38:JH38) -> 0
JI39: =SUM(A39:JH39) -> 0
JI40: =SUM(A40:JH40) -> 0
JI41: =SUM(A41:JH41) -> 0
JI42: =SUM(A42:JH42) -> 0
JI43: =SUM(A43:JH43) -> 0
... JI55: =SUM(A55:JH55) -> 0
A56: =SUM(A2:A55) -> 0 | B56: =SUM(B2:B55) -> 0 | C56: =SUM(C2:C55) -> 0 | D56: =SUM(D2:D55) -> 0 | E56: =SUM(E2:E55) -> 0 | F56: =SUM(F2:F55) -> 0 | G56: =SUM(G2:G55) -> 0 | H56: =SUM(H2:H55) -> 0 | ... JI56: =SUM(JI2:JI55) -> 2371044.6 | JK56: =SUM(JK2:JK55) -> 2371044.6 | JL56: =SUM(JL2:JL55) -> 68567.99 | JM56: =SUM(JM2:JM55) -> 0 | JN56: =SUM(JN2:JN55) -> 0 | JO56: =SUM(JO2:JO55) -> 0 | JP56: =SUM(JP2:JP55) -> 20500
A57: 211101 | B57: 211102 | C57: 211103 | D57: 211104 | E57: 211105 | F57: 211106 | G57: 211203 | H57: 211205 | I57: 211206 | J57: 211208 | K57: 211209 | L57: 211211 | M57: 211301 | N57: 211401 | O57: 211501 | P57: 211502 | Q57: 211503 | R57: 211504 | S57: 212101 | T57: 212201 | U57: 212203 | V57: 212204 | W57: 212205 | X57: 212206 | Y57: 212207 | Z57: 212208 | AA57: 212209 | AB57: 212210 | AC57: 213101 | AD57: 213102 | AE57: 213201 | AF57: 213202 | AG57: 214101 | AH57: 214201 | AI57: 214202 | AJ57: 214203 | AK57: 215101 | AL57: 215201 | AM57: 215301 | AN57: 215401 | AO57: 221101 | AP57: 221201 | AQ57: 221301 | AR57: 221401 | AS57: 221501 | AT57: 221601 | AU57: 221602 | AV57: 221701 | AW57: 221801 | AX57: 222101 | AY57: 222201 | AZ57: 223101 | BA57: 223201 | BB57: 224101 | BC57: 224201 | BD57: 224301 | BE57: 224401 | BF57: 225101 | BG57: 225201 | BH57: 225301 | BI57: 225302 | BJ57: 225303 | BK57: 225304 | BL57: 225305 | BM57: 225401 | BN57: 225501 | BO57: 225601 | BP57: 225701 | BQ57: 225801 | BR57: 225901 | BS57: 226101 | BT57: 226201 | BU57: 226301 | BV57: 226401 | BW57: 227101 | BX57: 227102 | BY57: 227103 | BZ57: 227104 | CA57: 227105 | CB57: 227106 | CC57: 227107 | CD57: 227199 | CE57: 227201 | CF57: 227202 | CG57: 227203 | CH57: 227204 | CI57: 227205 | CJ57: 227206 | CK57: 227207 | CL57: 227208 | CM57: 227299 | CN57: 227301 | CO57: 228101 | CP57: 228201 | CQ57: 228301 | CR57: 228401 | CS57: 228501 | CT57: 228502 | CU57: 228503 | CV57: 228601 | CW57: 228602 | CX57: 228603 | CY57: 228604 | CZ57: 228701 | DA57: 228702 | DB57: 228703 | DC57: 228704 | DD57: 228705 | DE57: 228706 | DF57: 228801 | DG57: 228802 | DH57: 228803 | DI57: 229201 | DJ57: 229203 | DK57: 231101 | DL57: 231102 | DM57: 231201 | DN57: 231301 | DO57: 231302 | DP57: 231303 | DQ57: 231401 | DR57: 232101 | DS57: 232201 | DT57: 232301 | DU57: 233101 | DV57: 233201 | DW57: 233301 | DX57: 233401 | DY57: 233501 | DZ57: 233601 | EA57: 234101 | EB57: 234201 | EC57: 235101 | ED57: 235201 | EE57: 235301 | EF57: 235401 | EG57: 235501 | EH57: 236101 | EI57: 236102 | EJ57: 236103 | EK57: 236104 | EL57: 236105 | EM57: 236201 | EN57: 236202 | EO57: 236203 | EP57: 236304 | EQ57: 236305 | ER57: 236306 | ES57: 236401 | ET57: 236402 | EU57: 236403 | EV57: 236404 | EW57: 236405 | EX57: 236406 | EY57: 236407 | EZ57: 236901 | FA57: 237101 | FB57: 237102 | FC57: 237103 | FD57: 237104 | FE57: 237105 | FF57: 237106 | FG57: 237107 | FH57: 237201 | FI57: 237202 | FJ57: 237203 | FK57: 237204 | FL57: 237205 | FM57: 237206 | FN57: 237299 | FO57: 238101 | FP57: 238201 | FQ57: 239101 | FR57: 239102 | FS57: 239201 | FT57: 239301 | FU57: 239401 | FV57: 239501 | FW57: 239601 | FX57: 239701 | FY57: 239801 | FZ57: 239802 | GA57: 239901 | GB57: 239904 | GC57: 241201 | GD57: 241202 | GE57: 241203 | GF57: 241204 | GG57: 241205 | GH57: 261101 | GI57: 261201 | GJ57: 261301 | GK57: 261401 | GL57: 261901 | GM57: 262101 | GN57: 262201 | GO57: 262301 | GP57: 262401 | GQ57: 263101 | GR57: 263201 | GS57: 263301 | GT57: 263401 | GU57: 264101 | GV57: 264201 | GW57: 264301 | GX57: 264401 | GY57: 264501 | GZ57: 264601 | HA57: 264701 | HB57: 264801 | HC57: 265101 | HD57: 265201 | HE57: 265301 | HF57: 265401 | HG57: 265501 | HH57: 265601 | HI57: 265701 | HJ57: 265801 | HK57: 266101 | HL57: 266201 | HM57: 267101 | HN57: 267201 | HO57: 267301 | HP57: 267401 | HQ57: 267501 | HR57: 267601 | HS57: 267701 | HT57: 267801 | HU57: 267901 | HV57: 268101 | HW57: 268201 | HX57: 268301 | HY57: 268302 | HZ57: 268401 | IA57: 268501 | IB57: 268601 | IC57: 268701 | ID57: 268802 | IE57: 268803 | IF57: 268804 | IG57: 268901 | IH57: 269101 | II57: 269102 | IJ57: 269201 | IK57: 269202 | IL57: 269301 | IM57: 269401 | IN57: 269501 | IO57: 269502 | IP57: 269503 | IQ57: 2269901 | IR57: 271101 | IS57: 271201 | IT57: 271301 | IU57: 271401 | IV57: 272101 | IW57: 272201 | IX57: 272301 | IY57: 272401 | IZ57: 272501 | JA57: 272601 | JB57: 272701 | JC57: 272801 | JD57: 272901 | JE57: 273101 | JF57: 273201 | JG57: 274101 | JH57: 274201 | JI57: Totales
JI58: =SUM(A58:JH58) -> 0
JI59: =SUM(A59:JH59) -> 0
JI60: =SUM(A60:JH60) -> 0
JI61: =SUM(A61:JH61) -> 0
JI62: =SUM(A62:JH62) -> 0
JI63: =SUM(A63:JH63) -> 0
JI64: =SUM(A64:JH64) -> 0
JI65: =SUM(A65:JH65) -> 0
JI66: =SUM(A66:JH66) -> 0
JI67: =SUM(A67:JH67) -> 0
JI68: =SUM(A68:JH68) -> 0
JI69: =SUM(A69:JH69) -> 0
... JI71: =SUM(A71:JH71) -> 0
A72: =SUM(A58:A71) -> 0 | B72: =SUM(B58:B71) -> 0 | C72: =SUM(C58:C71) -> 0 | D72: =SUM(D58:D71) -> 0 | E72: =SUM(E58:E71) -> 0 | F72: =SUM(F58:F71) -> 0 | G72: =SUM(G58:G71) -> 0 | H72: =SUM(H58:H71) -> 0 | ... JI72: =SUM(JI58:JI71) -> 0
A73: =A56+A72 -> 0 | B73: =B56+B72 -> 0 | C73: =C56+C72 -> 0 | D73: =D56+D72 -> 0 | E73: =E56+E72 -> 0 | F73: =F56+F72 -> 0 | G73: =G56+G72 -> 0 | H73: =H56+H72 -> 0 | ... JI73: =JI56+JI72 -> 2371044.6

Sheet CUENTA T NOMINA SNS
A1: D E S G L O S E D E L A S C U E N T A S
A2: 211101 | B2: 211102 | C2: 211103 | D2: 211104 | E2: 211105 | F2: 211106 | G2: 211203 | H2: 211205 | I2: 211206 | J2: 211208 | K2: 211209 | L2: 211211 | M2: 211301 | N2: 211401 | O2: 211501 | P2: 211502 | Q2: 211503 | R2: 211504 | S2: 212101 | T2: 212201 | U2: 212203 | V2: 212204 | W2: 212205 | X2: 212206 | Y2: 212207 | Z2: 212208 | AA2: 212209 | AB2: 212210 | AC2: 213101 | AD2: 213102 | AE2: 213201 | AF2: 213202 | AG2: 214101 | AH2: 214201 | AI2: 214202 | AJ2: 214203 | AK2: 215101 | AL2: 215201 | AM2: 215301 | AN2: 215401 | AO2: Totales
AO3: =SUM(A3:AN3) -> 0
AO4: =SUM(A4:AN4) -> 0
AO5: =SUM(A5:AN5) -> 0
AO6: =SUM(A6:AN6) -> 0
AO7: =SUM(A7:AN7) -> 0
AO8: =SUM(A8:AN8) -> 0
AO9: =SUM(A9:AN9) -> 0
AO10: =SUM(A10:AN10) -> 0
AO11: =SUM(A11:AN11) -> 0
AO12: =SUM(A12:AN12) -> 0
AO13: =SUM(A13:AN13) -> 0
AO14: =SUM(A14:AN14) -> 0
... AO57: =SUM(A57:AN57) -> 0
A58: =SUM(A3:A57) -> 0 | B58: =SUM(B3:B57) -> 0 | C58: =SUM(C3:C57) -> 0 | D58: =SUM(D3:D57) -> 0 | E58: =SUM(E3:E57) -> 0 | F58: =SUM(F3:F57) -> 0 | G58: =SUM(G3:G57) -> 0 | H58: =SUM(H3:H57) -> 0 | ... AO58: =SUM(AO3:AO57) -> 0 | AQ58: 0

Sheet RELACION DE PAGO VS
A1: Servicio Nacional de Salud
A2: ='CONS. FUENTES FINAN'!A6 -> Hospital Municipal Fantino
A3: RELACIÓN DE CHEQUES DE ANTICIPOS FINANCIEROS DEL LIB. #- al ------- RD$------- D/F ----------- EXP. No.FR---------
A5: CEDULA/RNC | B5: BENEFICIARIO | C5: CK NO. | D5: FECHA | E5: MONTO RD$ | F5: RETENCION | G5: VALOR NETO | H5: CONCEPTO | I5: TIPO DOC | J5: DOCUMENTO DE RESPALDO
A6: 130635803 | B6: Estacion De Servicios Estanislao Ramos | C6: 40289987558 | D6: 45870 | E6: 207500 | F6: 1082.86 | G6: =+E6-F6 -> 206417.14 | H6: Combustible | I6: 5 | J6: B1500000588
A7: 40222474724 | B7: Oliver Vasquez Castillo | C7: 40290479785 | D7: 45870 | E7: 7000 | F7: 700 | G7: =+E7-F7 -> 6300 | H7: Alquiler | I7: 5 | J7: B1100000473
A8: 08700220539 | B8: Jesus Alberto Cruz Nuñez | C8: 40312976735 | D8: 45873 | E8: 7000 | F8: 700 | G8: =+E8-F8 -> 6300 | H8: reparacion de colchon | I8: 5 | J8: B1100000475
A9: 40222446284 | B9: staling Nicolas Saldaña Sosa | C9: 40313220724 | D9: 45873 | E9: 6500 | F9: 650 | G9: =+E9-F9 -> 5850 | H9: elaboracion de barnel y base | I9: 5 | J9: B1100000476
A10: 131371744 | B10: Soluciones Electricas y Electronicas Vargas Soluceev SRL | C10: 40347766143 | D10: 45877 | E10: 172442 | F10: 7306.86 | G10: =+E10-F10 -> 165135.14 | H10: reparacion y mantenimiento | I10: 5 | J10: B1500000405
A11: 101070587 | B11: Bionuclear SA | C11: 40347915356 | D11: 45877 | E11: 90000 | G11: =+E11-F11 -> 90000 | H11: Labplus | I11: 5 | J11: E450000007280
A12: 131371744 | B12: FEC Biomedical SRL | C12: 40347925923 | D12: 45877 | E12: 282539.2 | F12: 11972 | G12: =+E12-F12 -> 270567.2 | H12: autoclave | I12: 5 | J12: B1500000508
A13: 131354238 | B13: Bionova SRL | C13: 40347934103 | D13: 45877 | E13: 43900 | F13: 2195 | G13: =+E13-F13 -> 41705 | H13: reactivos | I13: 5 | J13: B1500017529
A14: 40220687210 | B14: Felipe Antonio Cruz Corcino | C14: 40379301133 | D14: 45882 | E14: 80100 | F14: 3719.63 | G14: =+E14-F14 -> 76380.37 | H14: Alimentos | I14: 5 | J14: B1500000005
A15: 101012803 | B15: productos Medicinales, SRL | C15: 40389945203 | D15: 45883 | E15: 29283.14 | F15: 1280.35 | G15: =+E15-F15 -> 28002.79 | H15: Material gastable | I15: 5 | J15: B1500001456 y 1463
A16: 133087723 | B16: Radlafe Group, SRL | C16: 40389949642 | D16: 45883 | E16: 31525 | F16: 1576.25 | G16: =+E16-F16 -> 29948.75 | H16: Medicamentos | I16: 5 | J16: B1500000193
A17: 130186121 | B17: Grupo Farmaceutico CAR-M | C17: 40389954767 | D17: 45883 | E17: 94364.4 | G17: =+E17-F17 -> 94364.4 | H17: Medicamentos y Material gastable | I17: 5 | J17: E450000000193
A18: 131616313 | B18: DIMEDOM, SRL | C18: 40389961855 | D18: 45883 | E18: 59000 | F18: 2500 | G18: =+E18-F18 -> 56500 | H18: Papel camilla | I18: 5 | J18: B1500000632
A19: 101001577 | B19: Compañía Dominicana de Teléfonos | C19: 40400403968 | D19: 45884 | E19: 15857.73 | G19: =+E19-F19 -> 15857.73 | H19: telefono | I19: 5 | J19: E450000077779
A20: 132073029 | B20: Surtidora Waner, SRL | C20: 40401082956 | D20: 45884 | E20: 147410 | F20: 6694.28 | G20: =+E20-F20 -> 140715.72 | H20: Alimentos | I20: 5 | J20: B1500000404
A21: 131078842 | B21: Pharmar gde SRL | C21: 40476789496 | D21: 45894 | E21: 40192.4 | F21: 1909 | G21: =+E21-F21 -> 38283.4 | H21: Material gastable | I21: 5 | J21: B1500000547
A22: 101572884 | B22: Serviamed Dominicana, SRL | C22: 40476797955 | D22: 45894 | E22: 146353.43 | F22: 6201.41 | G22: =+E22-F22 -> 140152.02 | H22: Equipos | I22: 5 | J22: B1500001706
A23: 132519809 | B23: Aqua Biotech, SRL | C23: 40476803667 | D23: 45894 | E23: 13350 | F23: 667.5 | G23: =+E23-F23 -> 12682.5 | H23: Material gastable | I23: 5 | J23: B1500000038
A24: 101070587 | B24: Bionuclear SA | C24: 40476830242 | D24: 45894 | E24: 179842.35 | G24: =+E24-F24 -> 179842.35 | H24: Reactivos yMaterial gastable | I24: 5 | J24: E450000007527,7598 Y 7690
A25: 131896342 | B25: Papeleria Fantino SRL | C25: 40476837404 | D25: 45894 | E25: 67445 | F25: 2879.76 | G25: =+E25-F25 -> 64565.24 | H25: Materiales de Oficna | I25: 5 | J25: B1500001506
A26: 133056208 | B26: Portafolio DO, SRL | C26: 40476843819 | D26: 45894 | E26: 60158.76 | F26: 2549.1 | G26: =+E26-F26 -> 57609.66 | H26: Materiales de Oficna | I26: 5 | J26: B1500000069
A27: 131354238 | B27: Bionova SRL | C27: 40476851856 | D27: 45894 | E27: 63107.78 | F27: 2949.55 | G27: =+E27-F27 -> 60158.23 | H27: Reactivos yMaterial gastable | I27: 5 | J27: E450000017622
A28: 132902262 | B28: Inversiones Furo,EIRL | C28: 40482755918 | D28: 45895 | E28: 134406.72 | F28: 5695.2 | G28: =+E28-F28 -> 128711.52 | H28: Materiales Quirurgicos | I28: 5 | J28: B1500000188
A29: 131371744 | B29: Soluciones Electricas y Electronicas Vargas Soluceev SRL | C29: 40490015186 | D29: 45896 | E29: 12095 | F29: 812.5 | G29: 11582.5 | H29: suministro e instalacion de mantenedo | I29: 5 | J29: B1500000406
A30: 131323032 | B30: Trigas Del Caribe | C30: 40493840033 | D30: 45896 | E30: 128761.6 | G30: =+E30-F30 -> 128761.6 | H30: oxigeno | I30: 5 | J30: E450000000151
A31: 101062088 | B31: Farach SA | C31: 40499788809 | D31: 45897 | E31: 130996.92 | G31: =+E31-F31 -> 130996.92 | H31: Medicamentos | I31: 5 | J31: E4500000009085
A32: 133305291 | B32: Davseb Solutions SRL | C32: 40499830260 | D32: 45897 | E32: 65111.2 | F32: 3255.56 | G32: =+E32-F32 -> 61855.64 | H32: Veguetales y Carnes | I32: 5 | J32: B1500000007
A33: 131505635 | B33: Ramirez y Mogica | C33: 40500678658 | D33: 45897 | E33: 21098.4 | G33: =+E33-F33 -> 21098.4 | H33: Electrodomesticos | I33: 5 | J33: E450000000169
A34: 131868152 | B34: Amparo Combustible SRL | C34: 40503285354 | D34: 45897 | E34: 30000 | F34: 1271.18 | G34: =+E34-F34 -> 28728.82 | H34: Estudio de Suelo | I34: 5 | J34: B1500000209
A35: 401506254 | B35: colector de Impuestos Internos | C35: 40512209665 | D35: 45898 | G35: 68567.99 | H35: Retencion a Terceros
A36: 401010062 | B36: banco de Reservas | E36: 3703.56 | G36: 3703.56 | H36: Comisiones bancarias al 31/08/2025
B37: TOTAL EJECUTADO | E37: =SUM(E6:E36) -> 2371044.6 | F37: =SUM(F6:F36) -> 68567.99 | G37: =SUM(G6:G36) -> 2371344.6
A40: Nota:
A41: ESTAMOS ENVIANDO LA CANTIDAD DE (3) COPIAS DE TRANSF
A43: Licda. ClaribelALT. Cruz C. | E43: Yenny Massiel García | I43: Dr. Jose Heriberto Ramos Morel
A44: PREPARADO POR _____________________ | E44: ADMINISTRADOR______________________ | I44: DIRECTOR_______________________

Sheet GASTOS X ATENCION
A1: SERVICIO NACIONAL DE SALUD
A2: ='CONS. FUENTES FINAN'!A6 -> Hospital Municipal Fantino
A3: RESUMEN COMPARATIVO DE GASTOS ESPECIFICOS FONDO REPONIBLE Y VENTA DE SERVICIOS
A4: 2025
A6: DETALLE | B6: REPONIBLE | C6: VENTA SERVICIOS | D6: TOTAL | E6: %
A8: Atención Directa
A9: Medicamentos e Insumos Médicos | B9: =+'CONSOLIDADO FR'!J146+'CONSOLIDADO FR'!K199 -> 396597.15 | C9: ='CONS. FUENTES FINAN'!H245+'CONS. FUENTES FINAN'!H315 -> 366044.56 | D9: =SUM(B9:C9) -> 762641.71 | E9: =+D9/D12 -> 0.71798224
A10: Oxigeno | B10: ='CONSOLIDADO FR'!K192 -> 0 | C10: ='CONS. FUENTES FINAN'!H302 -> 120070.55 | D10: =SUM(B10:C10) -> 120070.55 | E10: =+D10/D12 -> 0.11303935
A11: Reactivos e Insumos de Laboratorio | B11: ='CONSOLIDADO FR'!K188+'CONSOLIDADO FR'!K189 -> 0 | C11: ='CONS. FUENTES FINAN'!H296+'CONS. FUENTES FINAN'!H297+'CONS. FUENTES FINAN'!H298 -> 179489.1 | D11: =SUM(B11:C11) -> 179489.1 | E11: =+D11/D12 -> 0.16897841
A12: Total | B12: =SUM(B9:B11) -> 396597.15 | C12: =SUM(C9:C11) -> 665604.21 | D12: =SUM(D9:D11) -> 1062201.4 | E12: =+D12/D39 -> 0.41395613
A13: Mantenimiento de Equipos
A14: Reparación y Mantenimiento Maquinaria y Eq. | B14: =+'CONSOLIDADO FR'!I73+'CONSOLIDADO FR'!J100+'CONSOLIDADO FR'!K126+'CONSOLIDADO FR'!K150+'CONSOLIDADO FR'!K152+'CONSOLIDADO FR'!K154+'CONSOLIDADO FR'!K156+'CONSOLIDADO FR'!I159+'CONSOLIDADO FR'!K185+'CONSOLIDADO FR'!K186+'CONSOLIDADO FR'!K190+'CONSOLIDADO FR'!K191+'CONSOLIDADO FR'!J204 -> 7000 | C14: ='CONS. FUENTES FINAN'!H157+'CONS. FUENTES FINAN'!H188+'CONS. FUENTES FINAN'!H223+'CONS. FUENTES FINAN'!H252+'CONS. FUENTES FINAN'!H254+'CONS. FUENTES FINAN'!H256+'CONS. FUENTES FINAN'!H258+'CONS. FUENTES FINAN'!H261+'CONS. FUENTES FINAN'!H292+'CONS. FUENTES FINAN'!H293+'CONS. FUENTES FINAN'!H299+'CONS. FUENTES FINAN'!H300+'CONS. FUENTES FINAN'!H301+'CONS. FUENTES FINAN'!H324 -> 542848.88 | D14: =SUM(B14:C14) -> 549848.88 | E14: =+D14/D16 -> 0.99509897
A15: Productos Eléctricos y Afines | B15: =+'CONSOLIDADO FR'!K203 -> 0 | C15: ='CONS. FUENTES FINAN'!H320 -> 2708.1 | D15: =SUM(B15:C15) -> 2708.1 | E15: =+D15/D16 -> 0.004901033
A16: Total | B16: =SUM(B14:B15) -> 7000 | C16: =SUM(C14:C15) -> 545556.98 | D16: =SUM(D14:D15) -> 552556.98 | E16: =+D16/D39 -> 0.21533991
A17: Gastos Administrativos
A18: Servicios Personales | C18: ='CONS. FUENTES FINAN'!H26 -> 0 | D18: =SUM(B18:C18) -> 0 | E18: =+D18/D38 -> 0
A19: Servicio Telefónico | B19: =+'CONSOLIDADO FR'!K21+'CONSOLIDADO FR'!K23+'CONSOLIDADO FR'!K25+'CONSOLIDADO FR'!K27 -> 12058.15 | C19: ='CONS. FUENTES FINAN'!H91+'CONS. FUENTES FINAN'!H93+'CONS. FUENTES FINAN'!H95+'CONS. FUENTES FINAN'!H97 -> 15857.73 | D19: =SUM(B19:C19) -> 27915.88 | E19: =+D19/D38 -> 0.02934753
A20: Servicios Basicos (electricidad, agua y residuos solidos) | B20: ='CONSOLIDADO FR'!K29+'CONSOLIDADO FR'!K31+'CONSOLIDADO FR'!K33 -> 12000 | C20: ='CONS. FUENTES FINAN'!H99+'CONS. FUENTES FINAN'!H102+'CONS. FUENTES FINAN'!H104 -> 0 | D20: =SUM(B20:C20) -> 12000
A21: Viáticos | B21: =+'CONSOLIDADO FR'!I39 -> 40100 | C21: ='CONS. FUENTES FINAN'!H111 -> 0 | D21: =SUM(B21:C21) -> 40100 | E21: =+D21/D38 -> 0.042156506
A22: Transporte y almacenaje | B22: =+'CONSOLIDADO FR'!I44 -> 0 | C22: ='CONS. FUENTES FINAN'!H116 -> 11705.6 | D22: =SUM(B22:C22) -> 11705.6 | E22: =+D22/D38 -> 0.012305915
A23: Alquileres | B23: =+'CONSOLIDADO FR'!I53 -> 0 | C23: ='CONS. FUENTES FINAN'!H125 -> 7000 | D23: =SUM(B23:C23) -> 7000 | E23: =+D23/D38 -> 0.007358991
A24: Comisiones y Gastos Bancarios | B24: =+'CONSOLIDADO FR'!K95 -> 935.96 | C24: ='CONS. FUENTES FINAN'!H182 -> 3703.56 | D24: =SUM(B24:C24) -> 4639.52 | E24: =+D24/D38 -> 0.0048774551
A25: Materiales de Oficina, Impresión y Encuadernación | B25: =+'CONSOLIDADO FR'!I34+'CONSOLIDADO FR'!K197 -> 0 | C25: ='CONS. FUENTES FINAN'!H109+'CONS. FUENTES FINAN'!H312+'CONS. FUENTES FINAN'!H337+'CONS. FUENTES FINAN'!H348 -> 83585.01 | D25: =SUM(B25:C25) -> 83585.01 | E25: =+D25/D38 -> 0.08787162
A26: Alimentos y Bebidas para Personas | B26: ='CONSOLIDADO FR'!J118+'CONSOLIDADO FR'!J123 -> 7000 | C26: ='CONS. FUENTES FINAN'!H208+'CONS. FUENTES FINAN'!H214+'CONS. FUENTES FINAN'!H217+'CONS. FUENTES FINAN'!H219 -> 292621.2 | D26: =SUM(B26:C26) -> 299621.2 | E26: =+D26/D38 -> 0.3149871
A27: Productos de papel, carton e impesos | B27: =+'CONSOLIDADO FR'!I134 -> 0 | C27: ='CONS. FUENTES FINAN'!H232 -> 126071.76 | D27: =SUM(B27:C27) -> 126071.76 | E27: =+D27/D38 -> 0.13253728
A28: Articulos de Plasticos | B28: =+'CONSOLIDADO FR'!K158 -> 0 | C28: ='CONS. FUENTES FINAN'!H259 -> 36120 | D28: =SUM(B28:C28) -> 36120 | E28: =+D28/D38 -> 0.037972394
A29: Gasolina | B29: =+'CONSOLIDADO FR'!K182 -> 0 | C29: ='CONS. FUENTES FINAN'!H288 -> 87500 | D29: =SUM(B29:C29) -> 87500 | E29: =+D29/D38 -> 0.091987388
A30: Gasoil | B30: =+'CONSOLIDADO FR'!K183 -> 0 | C30: ='CONS. FUENTES FINAN'!H289+'CONS. FUENTES FINAN'!H290 -> 120000 | D30: =SUM(B30:C30) -> 120000 | E30: =+D30/D38 -> 0.12615413
A31: GLP | B31: =+'CONSOLIDADO FR'!K184 -> 0 | C31: ='CONS. FUENTES FINAN'!H291+'CONS. FUENTES FINAN'!H294 -> 0 | D31: =SUM(B31:C31) -> 0 | E31: =+D31/D38 -> 0
A32: Materiales de Limpieza e Higiene | B32: =+'CONSOLIDADO FR'!J194 -> 0 | C32: ='CONS. FUENTES FINAN'!H309 -> 0 | D32: =SUM(B32:C32) -> 0 | E32: =+D32/D38 -> 0
A33: Otros Egresos y Gastos | B33: =+'CONSOLIDADO FR'!K19+'CONSOLIDADO FR'!I68+'CONSOLIDADO FR'!K93+'CONSOLIDADO FR'!K97+'CONSOLIDADO FR'!K99+'CONSOLIDADO FR'!J104+'CONSOLIDADO FR'!J107+'CONSOLIDADO FR'!J113+'CONSOLIDADO FR'!I127+'CONSOLIDADO FR'!K201+'CONSOLIDADO FR'!K208+'CONSOLIDADO FR'!K209 -> 0 | C33: ='CONS. FUENTES FINAN'!H89+'CONS. FUENTES FINAN'!H99+'CONS. FUENTES FINAN'!H102+'CONS. FUENTES FINAN'!H104+'CONS. FUENTES FINAN'!H107+'CONS. FUENTES FINAN'!H148+'CONS. FUENTES FINAN'!H180+'CONS. FUENTES FINAN'!H184+'CONS. FUENTES FINAN'!H186+'CONS. FUENTES FINAN'!H192+'CONS. FUENTES FINAN'!H197+'CONS. FUENTES FINAN'!H204+'CONS. FUENTES FINAN'!H225+'CONS. FUENTES FINAN'!H303+'CONS. FUENTES FINAN'!H316+'CONS. FUENTES FINAN'!H318+'CONS. FUENTES FINAN'!H322+'CONS. FUENTES FINAN'!H327+'CONS. FUENTES FINAN'!H330+'CONS. FUENTES FINAN'!H366+'CONS. FUENTES FINAN'!H383+'CONS. FUENTES FINAN'!H400+'CONS. FUENTES FINAN'!H405+'CONS. FUENTES FINAN'!H424+'CONS. FUENTES FINAN'!H446+'CONS. FUENTES FINAN'!H463 -> 94958.39 | D33: =SUM(B33:C33) -> 94958.39 | E33: =+D33/D38 -> 0.099828277
A34: Total | B34: =SUM(B17:B33) -> 72094.11 | C34: =SUM(C17:C33) -> 879123.25 | D34: =SUM(D17:D33) -> 951217.36 | E34: =+D34/D38 -> 1
A35: Gastos Inversion y Capital
A36: Bienes Muebles, Inmuebles e Intangibles | C36: ='CONS. FUENTES FINAN'!H336 -> 386900.16 | D36: =SUM(B36:C36) -> 386900.16 | E36: =+D36/#REF! -> #REF!
A37: Obras | C37: ='CONS. FUENTES FINAN'!H463 -> 0 | D37: =SUM(B37:C37) -> 0 | E37: =+D37/#REF! -> #REF!
A38: Total | B38: =SUM(B18:B33) -> 72094.11 | C38: =SUM(C18:C33) -> 879123.25 | D38: =SUM(D18:D33) -> 951217.36 | E38: =+D38/D39 -> 0.37070396
A39: Total General | B39: =+B12+B16+B38 -> 475691.26 | C39: =+C12+C16+C38 -> 2090284.4 | D39: =+D12+D16+D38 -> 2565975.7 | E39: =+E12+E16+E38 -> 1
A40: Porciento | B40: =+B39/D39 -> 0.18538416 | C40: =+C39/D39 -> 0.81461584 | D40: =+B40+C40 -> 1
